Workbook
Name Dienstag: #REF!
Name Donnerstag: #REF!
Name Freitag: #REF!
Name Mittwoch: #REF!
Name Montag: #REF!
Name OLE_LINK1: Information_Kompakt!$A$1
Name Samstag: #REF!
Name Sonntag: #REF!

Sheet Formular
A1: Reisegebühren für Schulveranstaltungen (SJ 26/27) Bildungsdirektion für Tirol, Abteilung Budget und Wirtschaft | K1: 1
K2: 1
F3: ="Bezirk"&" "&_xlfn.IFNA(VLOOKUP(B5,Schuldatenbank!E2:F527,2,FALSE),"") -> Bezirk | K3: =VALUE(K1&K2) -> 11 | AB3: =FIND(AB2,) -> 1
K4: =VALUE(K3&K2) -> 111
A5: Schule: | K5: 1
K6: =K5+1 -> 2
A7: Klasse: | G7: =IF(ISNA(VLOOKUP(VALUE(K3&K5-1),Schuldatenbank!P3:R751,3,FALSE)),"",VLOOKUP(VALUE(K3&K5-1),Schuldatenbank!P3:R751,3,FALSE))
A8: Schulstufe: | U8: Sonntag | V8: Montag | W8: Dienstag | X8: Mittwoch | Y8: Donnerstag | Z8: Freitag | AA8: Samstag
R9: 0
A10: Schülerinnen: | D10: Schüler: | Q10: 1 | R10: 1 | S10: bitte auswählen | U10: 45438 | V10: =U10+1 -> 45439 | W10: =V10+1 -> 45440 | X10: =W10+1 -> 45441 | Y10: =X10+1 -> 45442 | Z10: =Y10+1 -> 45443 | AA10: =Z10+1 -> 45444
Q11: 2 | S11: Schulleiter | U11: =AA10+1 -> 45445 | V11: =U11+1 -> 45446 | W11: =V11+1 -> 45447 | X11: =W11+1 -> 45448 | Y11: =X11+1 -> 45449 | Z11: =Y11+1 -> 45450 | AA11: =Z11+1 -> 45451
A12: Entscheidung über die Durchführung durch: | Q12: 3 | S12: Klassen- oder Schulforum bzw. Schulgemeinschaftsausschuss | U12: =AA11+1 -> 45452 | V12: =U12+1 -> 45453 | W12: =V12+1 -> 45454 | X12: =W12+1 -> 45455 | Y12: =X12+1 -> 45456 | Z12: =Y12+1 -> 45457 | AA12: =Z12+1 -> 45458
U13: =AA12+1 -> 45459 | V13: =U13+1 -> 45460 | W13: =V13+1 -> 45461 | X13: =W13+1 -> 45462 | Y13: =X13+1 -> 45463 | Z13: =Y13+1 -> 45464 | AA13: =Z13+1 -> 45465
Q14: 3 | U14: =AA13+1 -> 45466 | V14: =U14+1 -> 45467 | W14: =V14+1 -> 45468 | X14: =W14+1 -> 45469 | Y14: =X14+1 -> 45470 | Z14: =Y14+1 -> 45471 | AA14: =Z14+1 -> 45472
Q15: 1 | S15: bitte auswählen | U15: =AA14+1 -> 45473 | V15: =U15+1 -> 45474 | W15: =V15+1 -> 45475 | X15: =W15+1 -> 45476 | Y15: =X15+1 -> 45477 | Z15: =Y15+1 -> 45478 | AA15: =Z15+1 -> 45479
A16: Art der Woche bitte auswählen: | N16: Zeitdiff in Dezimal | O16: das sind in Std. u Min. | Q16: 2 | R16: 1 | S16: Exkursion | U16: =AA15+1 -> 45480 | V16: =U16+1 -> 45481 | W16: =V16+1 -> 45482 | X16: =W16+1 -> 45483 | Y16: =X16+1 -> 45484 | Z16: =Y16+1 -> 45485 | AA16: =Z16+1 -> 45486
N17: =ROUNDUP(I26,3) -> 0 | O17: =I26 -> 0 | Q17: 3 | S17: Wander- oder Sporttag | U17: =AA16+1 -> 45487 | V17: =U17+1 -> 45488 | W17: =V17+1 -> 45489 | X17: =W17+1 -> 45490 | Y17: =X17+1 -> 45491 | Z17: =Y17+1 -> 45492 | AA17: =Z17+1 -> 45493
A18: Nächtigung bzw. Nächtigungskosten: | N18: =ROUNDUP(I27,3) -> 0 | O18: =I27 -> 0 | Q18: 4 | S18: Berufspraktische Tage | U18: =AA17+1 -> 45494 | V18: =U18+1 -> 45495 | W18: =V18+1 -> 45496 | X18: =W18+1 -> 45497 | Y18: =X18+1 -> 45498 | Z18: =Y18+1 -> 45499 | AA18: =Z18+1 -> 45500
N19: =ROUNDUP(I28,3) -> 0 | O19: =I28 -> 0 | Q19: 5 | S19: Berufspraktische Woche | U19: =AA18+1 -> 45501 | V19: =U19+1 -> 45502 | W19: =V19+1 -> 45503 | X19: =W19+1 -> 45504 | Y19: =X19+1 -> 45505 | Z19: =Y19+1 -> 45506 | AA19: =Z19+1 -> 45507
N20: =ROUNDUP(I29,3) -> 0 | O20: =I29 -> 0 | Q20: 6 | S20: Wintersportwoche | U20: =AA19+1 -> 45508 | V20: =U20+1 -> 45509 | W20: =V20+1 -> 45510 | X20: =W20+1 -> 45511 | Y20: =X20+1 -> 45512 | Z20: =Y20+1 -> 45513 | AA20: =Z20+1 -> 45514
N21: =ROUNDUP(I30,3) -> 0 | O21: =I30 -> 0 | Q21: 7 | S21: Sommersportwoche | U21: =AA20+1 -> 45515 | V21: =U21+1 -> 45516 | W21: =V21+1 -> 45517 | X21: =W21+1 -> 45518 | Y21: =X21+1 -> 45519 | Z21: =Y21+1 -> 45520 | AA21: =Z21+1 -> 45521
A22: Dauer der Veranstaltung: | N22: =ROUNDUP(I31,3) -> 0 | O22: =I31 -> 0 | Q22: 8 | S22: Projekttage/-woche | U22: =AA21+1 -> 45522 | V22: =U22+1 -> 45523 | W22: =V22+1 -> 45524 | X22: =W22+1 -> 45525 | Y22: =X22+1 -> 45526 | Z22: =Y22+1 -> 45527 | AA22: =Z22+1 -> 45528
B23: Beginn | D23: Ende | F23: Ort der Veranstaltung | H23: Km | N23: =ROUNDUP(I32,3) -> 0 | O23: =I32 -> 0 | Q23: 9 | S23: Abschlusslehrfahrt | U23: =AA22+1 -> 45529 | V23: =U23+1 -> 45530 | W23: =V23+1 -> 45531 | X23: =W23+1 -> 45532 | Y23: =X23+1 -> 45533 | Z23: =Y23+1 -> 45534 | AA23: =Z23+1 -> 45535
A24: Wochentag: | B24: Datum Format TT.MM.JJJJ | C24: Uhrzeit Format 00:00 | D24: Datum Format TT.MM.JJJJ | E24: Uhrzeit Format 00:00 | F24: (bzw. bei berufsprakt. Wochen der besuchte Betrieb) | H24: (mehr als 4 Km, nur bei berufs-prakt. Wochen / Tagen) | I24: =IF(OR(K2=6,R16=4,R16=5),"","PKW-Genehmigung NUR bei berufspraktische Tage/Woche!") -> PKW-Genehmigung NUR bei berufspraktische Tage/Woche! | N24: =ROUNDUP(I33,3) -> 0 | O24: =I33 -> 0 | S24: Lesenacht | U24: =AA23+1 -> 45536 | V24: =U24+1 -> 45537 | W24: =V24+1 -> 45538 | X24: =W24+1 -> 45539 | Y24: =X24+1 -> 45540 | Z24: =Y24+1 -> 45541 | AA24: =Z24+1 -> 45542
B25: =IF(B36>C36,"Uhrzeit ergänzen!"," ") | C25: =IF(C36>B36,"Datum ergänzen!"," ") | D25: =IF(D36>E36,"Uhrzeit ergänzen!"," ") | E25: =IF(E36>D36,"Datum ergänzen!"," ") | F25: ORTSANGABE | K25: für Wandert. m. Nächtigung | L25: 5,0,-8 | M25: >8 | N25: <5 Stunden | O25: 5-8 Std. | P25: 8,01-12 Std. | Q25: 12-24 Std. | R25: 1 | S25: bitte auswählen | U25: =AA24+1 -> 45543 | V25: =U25+1 -> 45544 | W25: =V25+1 -> 45545 | X25: =W25+1 -> 45546 | Y25: =X25+1 -> 45547 | Z25: =Y25+1 -> 45548 | AA25: =Z25+1 -> 45549
A26: Sonntag | I26: =IF(B26="",0,IF(D26="",0,IF((E26-C26)<=0,0,E26-C26))) -> 0 | K26: =IF((E26-C32)<0,0,E26-C32) -> 0 | L26: =IF(AND(K17>=0.21,K17<=0.334),G26,0) -> 0 | M26: =IF(K26>=0.335,1,0) -> 0 | N26: =IF(I26<=0.2084,I26,0) -> 0 | O26: =IF(AND(N17>=0.21,N17<=0.334),I26,0) -> 0 | P26: =IF(AND(I26>0.334,I26<=0.5),I26,0) -> 0 | Q26: =IF(I26>0.5,I26,0) -> 0 | R26: =VALUE(R16&R25) -> 11 | S26: ohne Nächtigung | T26: =IF(F26>"",1,0) -> 0 | U26: =AA25+1 -> 45550 | V26: =U26+1 -> 45551 | W26: =V26+1 -> 45552 | X26: =W26+1 -> 45553 | Y26: =X26+1 -> 45554 | Z26: =Y26+1 -> 45555 | AA26: =Z26+1 -> 45556
A27: Montag | I27: =IF(B27="",0,IF(D27="",0,IF((E27-C27)<=0,0,E27-C27))) -> 0 | K27: =IF((E27-C26)<0,0,E27-C26) -> 0 | L27: =IF(AND(K18>=0.21,K18<=0.334),G27,0) -> 0 | M27: =IF(K27>=0.335,1,0) -> 0 | N27: =IF(I27<=0.2084,I27,0) -> 0 | O27: =IF(AND(N18>=0.21,N18<=0.334),I27,0) -> 0 | P27: =IF(AND(I27>0.334,I27<=0.5),I27,0) -> 0 | Q27: =IF(I27>0.5,I27,0) -> 0 | S27: mit Nächtigung - ohne Nächtigungskosten | T27: =IF(F27>"",1,0) -> 0 | U27: =AA26+1 -> 45557 | V27: =U27+1 -> 45558 | W27: =V27+1 -> 45559 | X27: =W27+1 -> 45560 | Y27: =X27+1 -> 45561 | Z27: =Y27+1 -> 45562 | AA27: =Z27+1 -> 45563
A28: Dienstag | I28: =IF(B28="",0,IF(D28="",0,IF((E28-C28)<=0,0,E28-C28))) -> 0 | K28: =IF((E28-C27)<0,0,E28-C27) -> 0 | L28: =IF(AND(K28>=0.21,K28<=0.334),1,0) -> 0 | M28: =IF(K28>=0.335,1,0) -> 0 | N28: =IF(I28<=0.2084,I28,0) -> 0 | O28: =IF(AND(N19>=0.21,N19<=0.334),I28,0) -> 0 | P28: =IF(AND(I28>0.334,I28<=0.5),I28,0) -> 0 | Q28: =IF(I28>0.5,I28,0) -> 0 | S28: mit Nächtigung - mit Nächtigungskosten | T28: =IF(F28>"",1,0) -> 0 | U28: =AA27+1 -> 45564 | V28: =U28+1 -> 45565 | W28: =V28+1 -> 45566 | X28: =W28+1 -> 45567 | Y28: =X28+1 -> 45568 | Z28: =Y28+1 -> 45569 | AA28: =Z28+1 -> 45570
A29: Mittwoch | I29: =IF(B29="",0,IF(D29="",0,IF((E29-C29)<=0,0,E29-C29))) -> 0 | K29: =IF((E29-C28)<0,0,E29-C28) -> 0 | L29: =IF(AND(K20>=0.21,K20<=0.334),G29,0) -> 0 | M29: =IF(K29>=0.335,1,0) -> 0 | N29: =IF(I29<=0.2084,I29,0) -> 0 | O29: =IF(AND(N20>=0.21,N20<=0.334),I29,0) -> 0 | P29: =IF(AND(I29>0.334,I29<=0.5),I29,0) -> 0 | Q29: =IF(I29>0.5,I29,0) -> 0 | T29: =IF(F29>"",1,0) -> 0 | U29: =AA28+1 -> 45571 | V29: =U29+1 -> 45572 | W29: =V29+1 -> 45573 | X29: =W29+1 -> 45574 | Y29: =X29+1 -> 45575 | Z29: =Y29+1 -> 45576 | AA29: =Z29+1 -> 45577
A30: Donnerstag | I30: =IF(B30="",0,IF(D30="",0,IF((E30-C30)<=0,0,E30-C30))) -> 0 | K30: =IF((E30-C29)<0,0,E30-C29) -> 0 | L30: =IF(AND(K30>0,2.146,K30<0.33),1,0) -> 0 | M30: =IF(K30>=0.335,1,0) -> 0 | N30: =IF(I30<=0.2084,I30,0) -> 0 | O30: =IF(AND(N21>=0.21,N21<=0.334),I30,0) -> 0 | P30: =IF(AND(I30>0.334,I30<=0.5),I30,0) -> 0 | Q30: =IF(I30>0.5,I30,0) -> 0 | T30: =IF(F30>"",1,0) -> 0 | U30: =AA29+1 -> 45578 | V30: =U30+1 -> 45579 | W30: =V30+1 -> 45580 | X30: =W30+1 -> 45581 | Y30: =X30+1 -> 45582 | Z30: =Y30+1 -> 45583 | AA30: =Z30+1 -> 45584
A31: Freitag | I31: =IF(B31="",0,IF(D31="",0,IF((E31-C31)<=0,0,E31-C31))) -> 0 | K31: =IF((E31-C30)<0,0,E31-C30) -> 0 | L31: =IF(AND(K31>0,2.146,K31<0.33),1,0) -> 0 | M31: =IF(K31>=0.335,1,0) -> 0 | N31: =IF(I31<=0.2084,I31,0) -> 0 | O31: =IF(AND(N22>=0.21,N22<=0.334),I31,0) -> 0 | P31: =IF(AND(I31>0.334,I31<=0.5),I31,0) -> 0 | Q31: =IF(I31>0.5,I31,0) -> 0 | T31: =IF(F31>"",1,0) -> 0 | U31: =AA30+1 -> 45585 | V31: =U31+1 -> 45586 | W31: =V31+1 -> 45587 | X31: =W31+1 -> 45588 | Y31: =X31+1 -> 45589 | Z31: =Y31+1 -> 45590 | AA31: =Z31+1 -> 45591
A32: Samstag | I32: =IF(B32="",0,IF(D32="",0,IF((E32-C32)<=0,0,E32-C32))) -> 0 | K32: =IF((E32-C31)<0,0,E32-C31) -> 0 | L32: =IF(AND(K32>0,2.146,K32<0.33),1,0) -> 0 | M32: =IF(K32>=0.335,1,0) -> 0 | N32: =IF(I32<=0.2084,I32,0) -> 0 | O32: =IF(AND(N23>=0.21,N23<=0.334),I32,0) -> 0 | P32: =IF(AND(I32>0.334,I32<=0.5),I32,0) -> 0 | Q32: =IF(I32>0.5,I32,0) -> 0 | S32: 2 | T32: =IF(F32>"",1,0) -> 0 | U32: =AA31+1 -> 45592 | V32: =U32+1 -> 45593 | W32: =V32+1 -> 45594 | X32: =W32+1 -> 45595 | Y32: =X32+1 -> 45596 | Z32: =Y32+1 -> 45597 | AA32: =Z32+1 -> 45598
A33: Sonntag | I33: =IF(B33="",0,IF(D33="",0,IF((E33-C33)<=0,0,E33-C33))) -> 0 | K33: =IF((E33-C32)<0,0,E33-C32) -> 0 | L33: =IF(AND(K33>0,2.146,K33<0.33),1,0) -> 0 | M33: =IF(K33>=0.335,1,0) -> 0 | N33: =IF(I33<=0.2084,I33,0) -> 0 | O33: =IF(AND(N24>=0.21,N24<=0.334),I33,0) -> 0 | P33: =IF(AND(I33>0.334,I33<=0.5),I33,0) -> 0 | Q33: =IF(I33>0.5,I33,0) -> 0 | S33: bitte auswählen | T33: =IF(F33>"",1,0) -> 0 | U33: =AA32+1 -> 45599 | V33: =U33+1 -> 45600 | W33: =V33+1 -> 45601 | X33: =W33+1 -> 45602 | Y33: =X33+1 -> 45603 | Z33: =Y33+1 -> 45604 | AA33: =Z33+1 -> 45605
B34: =SUM(B26:B33) -> 0 | D34: =SUM(D26:D33) -> 0 | F34: =(D34-B34) -> 0 | H34: =SUM(H26:H33) -> 0 | K34: =SUM(K26:K33) -> 0 | L34: =IF(AND(L35>5.0167,L35<=8),1,0) -> 0 | M34: =IF(M35>8.0167,1,0) -> 0 | N34: =SUM(N26:N33) -> 0 | O34: =SUM(O26:O33) -> 0 | P34: =SUM(P26:P33) -> 0 | Q34: =SUM(Q26:Q33) -> 0 | R34: =VALUE(SUM(N34:Q34)) -> 0 | S34: autonome Festlegung | T34: =SUM(T26:T33) -> 0 | U34: =AA33+1 -> 45606 | V34: =U34+1 -> 45607 | W34: =V34+1 -> 45608 | X34: =W34+1 -> 45609 | Y34: =X34+1 -> 45610 | Z34: =Y34+1 -> 45611 | AA34: =Z34+1 -> 45612
C35: =SUM(C26:C33) -> 0 | E35: =SUM(E26:E33) -> 0 | F35: =E35-C35 -> 0 | G35: =IF(S32=2,"auton. Beschluss v. ","Beschluss vom ") -> auton. Beschluss v. | K35: =K34 -> 0 | L35: =F35*24 -> 0 | M35: =F35*24 -> 0 | N35: =N34*24 -> 0 | O35: =O34*24 -> 0 | P35: =P34*24 -> 0 | Q35: =Q34*24 -> 0 | R35: =SUM(O35:Q35) -> 0 | S35: keine autonome Festlegung | U35: =AA34+1 -> 45613 | V35: =U35+1 -> 45614 | W35: =V35+1 -> 45615 | X35: =W35+1 -> 45616 | Y35: =X35+1 -> 45617 | Z35: =Y35+1 -> 45618 | AA35: =Z35+1 -> 45619
B36: =COUNTIF(B26:B33,">0") -> 0 | C36: =COUNTIF(C26:C33,">0") -> 0 | D36: =COUNTIF(D26:D33,">0") -> 0 | E36: =COUNTIF(E26:E33,">0") -> 0 | F36: =COUNTIF(F26:F33,">0") -> 0 | H36: =COUNTIF(H26:H33,">0") -> 0 | O36: =IF(O35<8.01,O35,0) -> 0 | U36: =AA35+1 -> 45620 | V36: =U36+1 -> 45621 | W36: =V36+1 -> 45622 | X36: =W36+1 -> 45623 | Y36: =X36+1 -> 45624 | Z36: =Y36+1 -> 45625 | AA36: =Z36+1 -> 45626
A37: Bezüglich der Anzahl der zulässigen Begleitpersonen wurde durch den Schulleiter (bei eintägigen Veranstaltungen) bzw. durch das Klassen- oder Schulforum bzw. den Schulgemeinschaftsausschuss (bei mehrtägigen Veranstaltungen) eine von § 2 Abs. 4 Z. 1 und 2 der Schulveranstaltungsverordnung 1995 abweichende Festlegung getroffen. | K37: =COUNTIF(K26:K33,">0,2146") -> 0 | N37: =COUNTIF(N26:N33,">0") -> 0 | O37: =COUNTIF(O26:O33,">0") -> 0 | P37: =COUNTIF(P26:P33,">0") -> 0 | Q37: =COUNTIF(Q26:Q33,">0") -> 0 | R37: Anzahl wenn Eintrag vorhanden | U37: =AA36+1 -> 45627 | V37: =U37+1 -> 45628 | W37: =V37+1 -> 45629 | X37: =W37+1 -> 45630 | Y37: =X37+1 -> 45631 | Z37: =Y37+1 -> 45632 | AA37: =Z37+1 -> 45633
N38: =(D27-B27)*24*60 -> 0 | U38: =AA37+1 -> 45634 | V38: =U38+1 -> 45635 | W38: =V38+1 -> 45636 | X38: =W38+1 -> 45637 | Y38: =X38+1 -> 45638 | Z38: =Y38+1 -> 45639 | AA38: =Z38+1 -> 45640
A39: Fahrtkosten | F39: EUR | G39: EUR | K39: =COUNTIF(K26:K33,0.2146) -> 0 | N39: =(D28-B28)*24*60 -> 0 | O39: =MIN(B26:B33) -> 0 | P39: =MAX(D26:D33) -> 0 | Q39: =P39-O39 -> 0 | U39: =AA38+1 -> 45641 | V39: =U39+1 -> 45642 | W39: =V39+1 -> 45643 | X39: =W39+1 -> 45644 | Y39: =X39+1 -> 45645 | Z39: =Y39+1 -> 45646 | AA39: =Z39+1 -> 45647
A40: öffentl. Massenbeförderungsmittel (Bahn, Bus, Straßenbahn) BEILAGEN DER RECHNUNG! Einzahlungsbestätigung / Buchungsbestätigung! | K40: 0.33333333 | U40: =AA39+1 -> 45648 | V40: =U40+1 -> 45649 | W40: =V40+1 -> 45650 | X40: =W40+1 -> 45651 | Y40: =X40+1 -> 45652 | Z40: =Y40+1 -> 45653 | AA40: =Z40+1 -> 45654
A41: öffentl. Verkehrsmittel Beförderungszuschuss | D41: Kilometerangabe Hinreise | F41: =IF(E41="",0,IF(E41>640,Tarif_BefZuschuss!C642,VLOOKUP(E41,Tarif_BefZuschuss!$B$3:$C$642,2,FALSE))) -> 0 | U41: =AA40+1 -> 45655 | V41: =U41+1 -> 45656 | W41: =V41+1 -> 45657 | X41: =W41+1 -> 45658 | Y41: =X41+1 -> 45659 | Z41: =Y41+1 -> 45660 | AA41: =Z41+1 -> 45661
D42: Kilometerangabe Rückreise | F42: =IF(E42="",0,IF(E42>640,Tarif_BefZuschuss!C642,VLOOKUP(E42,Tarif_BefZuschuss!$B$3:$C$642,2,FALSE))) -> 0 | O42: =F34+1 -> 1 | U42: =AA41+1 -> 45662 | V42: =U42+1 -> 45663 | W42: =V42+1 -> 45664 | X42: =W42+1 -> 45665 | Y42: =X42+1 -> 45666 | Z42: =Y42+1 -> 45667 | AA42: =Z42+1 -> 45668
A43: Nutzung PKW - Beförderungszuschuss | D43: Kilometerangabe Hinreise | F43: =IF(E43="",0,IF(E43>640,Tarif_BefZuschuss!H642,VLOOKUP(E43,Tarif_BefZuschuss!$G$3:$H$642,2,FALSE))) -> 0 | M43: 0.33402778 | U43: =AA42+1 -> 45669 | V43: =U43+1 -> 45670 | W43: =V43+1 -> 45671 | X43: =W43+1 -> 45672 | Y43: =X43+1 -> 45673 | Z43: =Y43+1 -> 45674 | AA43: =Z43+1 -> 45675
D44: Kilometerangabe Rückreise | F44: =IF(E44="",0,IF(E44>640,Tarif_BefZuschuss!H642,VLOOKUP(E44,Tarif_BefZuschuss!$G$3:$H$642,2,FALSE))) -> 0 | M44: =M43*24 -> 8.0166667 | U44: =AA43+1 -> 45676 | V44: =U44+1 -> 45677 | W44: =V44+1 -> 45678 | X44: =W44+1 -> 45679 | Y44: =X44+1 -> 45680 | Z44: =Y44+1 -> 45681 | AA44: =Z44+1 -> 45682
A45: gemietetes Beförderungsmittel (Beilage der Rechnung inkl. Einzahlungsbestätigung, Angabe der anteiligen Fahrtkosten) | F45: 0 | O45: =IF(R16=2,O37*Tarife!D8,0) -> 0 | U45: =AA44+1 -> 45683 | V45: =U45+1 -> 45684 | W45: =V45+1 -> 45685 | X45: =W45+1 -> 45686 | Y45: =X45+1 -> 45687 | Z45: =Y45+1 -> 45688 | AA45: =Z45+1 -> 45689
A46: eigenes Kraftfahrzeug | B46: =IF(H34=0,"",Formular!K71&" km x EUR 0,50"&"/km") | D46: =IF(F46>0,"PKW-Genehmigung nur für berufsprakt. Tage / Woche oder für SPZ oder ASO!","") | F46: =K71*0.5 -> 0 | U46: =AA45+1 -> 45690 | V46: =U46+1 -> 45691 | W46: =V46+1 -> 45692 | X46: =W46+1 -> 45693 | Y46: =X46+1 -> 45694 | Z46: =Y46+1 -> 45695 | AA46: =Z46+1 -> 45696
A47: Reisezulage | N47: KM | U47: =AA46+1 -> 45697 | V47: =U47+1 -> 45698 | W47: =V47+1 -> 45699 | X47: =W47+1 -> 45700 | Y47: =X47+1 -> 45701 | Z47: =Y47+1 -> 45702 | AA47: =Z47+1 -> 45703
A48: =IF(R16=2,"Exkursion ","Exkursion") -> Exkursion | B48: Sämtliche Exkursionen sind über das Formular abzurechnen. Die Abrechnung über EDM entfällt. | F48: =IF($R$16=2,VLOOKUP($R$26,Tarife!$A$56:$O$91,Tarife!$A$99,FALSE),0) -> 0 | N48: =IF(H26>4,INT(H26),0) -> 0 | U48: =AA47+1 -> 45704 | V48: =U48+1 -> 45705 | W48: =V48+1 -> 45706 | X48: =W48+1 -> 45707 | Y48: =X48+1 -> 45708 | Z48: =Y48+1 -> 45709 | AA48: =Z48+1 -> 45710
A49: Berufspraktische Tage | F49: =IF(R16=4,Tarife!K68*Formular!O37+Tarife!M68*Formular!P37+Formular!Q37*Tarife!O68,0) -> 0 | N49: =IF(H27>4,INT(H27),0) -> 0 | U49: =AA48+1 -> 45711 | V49: =U49+1 -> 45712 | W49: =V49+1 -> 45713 | X49: =W49+1 -> 45714 | Y49: =X49+1 -> 45715 | Z49: =Y49+1 -> 45716 | AA49: =Z49+1 -> 45717
B50: 5 bis 8 Stunden | C50: =Tarife!C9 -> 10 | D50: ="x "&O37 -> x 0 | E50: =IF(R16=4,C50*O37,"") | N50: =IF(H28>4,INT(H28),0) -> 0 | U50: =AA49+1 -> 45718 | V50: =U50+1 -> 45719 | W50: =V50+1 -> 45720 | X50: =W50+1 -> 45721 | Y50: =X50+1 -> 45722 | Z50: =Y50+1 -> 45723 | AA50: =Z50+1 -> 45724
B51: 8 bis 12 Stunden | C51: =Tarife!C11 -> 20 | D51: ="x "&P37 -> x 0 | E51: =IF(R16=4,C51*P37,"") | N51: =IF(H29>4,INT(H29),0) -> 0 | U51: =AA50+1 -> 45725 | V51: =U51+1 -> 45726 | W51: =V51+1 -> 45727 | X51: =W51+1 -> 45728 | Y51: =X51+1 -> 45729 | Z51: =Y51+1 -> 45730 | AA51: =Z51+1 -> 45731
B52: 12 bis 24 Stunden | C52: =Tarife!C13 -> 22.8 | D52: ="x "&Q37 -> x 0 | E52: =IF(R16=4,C52*Q37,"") | N52: =IF(H30>4,INT(H30),0) -> 0 | U52: =AA51+1 -> 45732 | V52: =U52+1 -> 45733 | W52: =V52+1 -> 45734 | X52: =W52+1 -> 45735 | Y52: =X52+1 -> 45736 | Z52: =Y52+1 -> 45737 | AA52: =Z52+1 -> 45738
N53: =IF(H31>4,INT(H31),0) -> 0 | U53: =AA52+1 -> 45739 | V53: =U53+1 -> 45740 | W53: =V53+1 -> 45741 | X53: =W53+1 -> 45742 | Y53: =X53+1 -> 45743 | Z53: =Y53+1 -> 45744 | AA53: =Z53+1 -> 45745
G54: EUR | H54: Lst.-Pflichtig | I54: SV-Pflichtig | K54: =IF(AND(R26=32,SUM(P37:Q37)>0),Tarife!N65*P37,0) -> 0 | N54: =IF(H32>4,INT(H32),0) -> 0 | U54: =AA53+1 -> 45746 | V54: =U54+1 -> 45747 | W54: =V54+1 -> 45748 | X54: =W54+1 -> 45749 | Y54: =X54+1 -> 45750 | Z54: =Y54+1 -> 45751 | AA54: =Z54+1 -> 45752
N55: =IF(H33>4,INT(H33),0) -> 0 | U55: =AA54+1 -> 45753 | V55: =U55+1 -> 45754 | W55: =V55+1 -> 45755 | X55: =W55+1 -> 45756 | Y55: =X55+1 -> 45757 | Z55: =Y55+1 -> 45758 | AA55: =Z55+1 -> 45759
N56: =SUM(N48:N55) -> 0 | U56: =AA55+1 -> 45760 | V56: =U56+1 -> 45761 | W56: =V56+1 -> 45762 | X56: =W56+1 -> 45763 | Y56: =X56+1 -> 45764 | Z56: =Y56+1 -> 45765 | AA56: =Z56+1 -> 45766
A57: Halbtagswandertag und Sporttag in der Dauer von mehr als 5 bis zu 8 Stunden | F57: =IF(R16=3,O37*Tarife!K65,0) -> 0 | U57: =AA56+1 -> 45767 | V57: =U57+1 -> 45768 | W57: =V57+1 -> 45769 | X57: =W57+1 -> 45770 | Y57: =X57+1 -> 45771 | Z57: =Y57+1 -> 45772 | AA57: =Z57+1 -> 45773
A58: Ganztagswandertag und Sporttag in der Dauer von mehr als 8 Stunden | F58: =IF(AND(F34>=1,R16=3),(Formular!L34*Tarife!D21)+(Formular!M34*Tarife!D23)+(Tarife!D23*F34),IF(F34=0,K54,0)) -> 0 | U58: =AA57+1 -> 45774 | V58: =U58+1 -> 45775 | W58: =V58+1 -> 45776 | X58: =W58+1 -> 45777 | Y58: =X58+1 -> 45778 | Z58: =Y58+1 -> 45779 | AA58: =Z58+1 -> 45780
A59: Berufspraktische Woche | F59: =IF(R16=5,Tarife!K72*Formular!O37+Tarife!M72*Formular!P37+Formular!Q37*Tarife!O72,0) -> 0 | K59: =IF(R26=73,O42*Tarife!F19,IF(R26=74,O42*Tarife!F19,IF(R26=72,(Formular!O37*Tarife!F21)+(Formular!P37*Tarife!F23),0))) -> 0 | U59: =AA58+1 -> 45781 | V59: =U59+1 -> 45782 | W59: =V59+1 -> 45783 | X59: =W59+1 -> 45784 | Y59: =X59+1 -> 45785 | Z59: =Y59+1 -> 45786 | AA59: =Z59+1 -> 45787
A60: Projektwoche | F60: =IF(R26=83,O42*Tarife!H86,IF(R26=84,O42*Tarife!H87,IF(R26=82,(Formular!O37*Tarife!K85)+(Formular!P37*Tarife!M85)+(Q37*Tarife!O85),0))) -> 0 | U60: =AA59+1 -> 45788 | V60: =U60+1 -> 45789 | W60: =V60+1 -> 45790 | X60: =W60+1 -> 45791 | Y60: =X60+1 -> 45792 | Z60: =Y60+1 -> 45793 | AA60: =Z60+1 -> 45794
A61: Abschlusslehrfahrt | F61: =IF(R26=93,O42*Tarife!H90,IF(R26=94,O42*Tarife!H91,IF(R26=92,(Formular!O37*Tarife!K89)+(Formular!P37*Tarife!M89)+(Q37*Tarife!O89),0))) -> 0 | U61: =AA60+1 -> 45795 | V61: =U61+1 -> 45796 | W61: =V61+1 -> 45797 | X61: =W61+1 -> 45798 | Y61: =X61+1 -> 45799 | Z61: =Y61+1 -> 45800 | AA61: =Z61+1 -> 45801
A62: Wintersportwoche | F62: =IF(R26=63,O42*Tarife!E19,IF(R26=64,O42*Tarife!E19,IF(R26=62,(Formular!O37*Tarife!E21)+(Formular!P37*Tarife!E23),0))) -> 0 | U62: =AA61+1 -> 45802 | V62: =U62+1 -> 45803 | W62: =V62+1 -> 45804 | X62: =W62+1 -> 45805 | Y62: =X62+1 -> 45806 | Z62: =Y62+1 -> 45807 | AA62: =Z62+1 -> 45808
A63: Sommersportwoche | F63: =IF(R26=73,O42*Tarife!F19,IF(R26=74,O42*Tarife!F19,IF(R26=72,(Formular!O37*Tarife!F21)+(Formular!P37*Tarife!F23),0))) -> 0 | K63: =ROUND(H26,0) -> 0 | L63: 0.5 | M63: =K63*L63 -> 0 | U63: =AA62+1 -> 45809 | V63: =U63+1 -> 45810 | W63: =V63+1 -> 45811 | X63: =W63+1 -> 45812 | Y63: =X63+1 -> 45813 | Z63: =Y63+1 -> 45814 | AA63: =Z63+1 -> 45815
K64: =ROUND(H27,0) -> 0 | L64: 0.5 | M64: =K64*L64 -> 0 | U64: =AA63+1 -> 45816 | V64: =U64+1 -> 45817 | W64: =V64+1 -> 45818 | X64: =W64+1 -> 45819 | Y64: =X64+1 -> 45820 | Z64: =Y64+1 -> 45821 | AA64: =Z64+1 -> 45822
A65: NÄCHTIGUNGSKOSTEN - gesamt pro Lehrperson ohne Frühstück. Vergütung maximal 153 € / Nacht ohne Frühstück. BEILAGEN DER RECHNUNG inkl. Einzahlungsbestätigung! | K65: =ROUND(H28,0) -> 0 | L65: 0.5 | M65: =K65*L65 -> 0 | U65: =AA64+1 -> 45823 | V65: =U65+1 -> 45824 | W65: =V65+1 -> 45825 | X65: =W65+1 -> 45826 | Y65: =X65+1 -> 45827 | Z65: =Y65+1 -> 45828 | AA65: =Z65+1 -> 45829
K66: =ROUND(H29,0) -> 0 | L66: 0.5 | M66: =K66*L66 -> 0 | U66: =AA65+1 -> 45830 | V66: =U66+1 -> 45831 | W66: =V66+1 -> 45832 | X66: =W66+1 -> 45833 | Y66: =X66+1 -> 45834 | Z66: =Y66+1 -> 45835 | AA66: =Z66+1 -> 45836
K67: =ROUND(H30,0) -> 0 | L67: 0.5 | M67: =K67*L67 -> 0 | U67: =AA66+1 -> 45837 | V67: =U67+1 -> 45838 | W67: =V67+1 -> 45839 | X67: =W67+1 -> 45840 | Y67: =X67+1 -> 45841 | Z67: =Y67+1 -> 45842 | AA67: =Z67+1 -> 45843
A68: Sonstige Kosten: Rechnungen inkl. Einzahlungsbestät. bitte beilegen! | B68: Art der Kosten: | K68: =ROUND(H31,0) -> 0 | L68: 0.5 | M68: =K68*L68 -> 0 | U68: =AA67+1 -> 45844 | V68: =U68+1 -> 45845 | W68: =V68+1 -> 45846 | X68: =W68+1 -> 45847 | Y68: =X68+1 -> 45848 | Z68: =Y68+1 -> 45849 | AA68: =Z68+1 -> 45850
A69: Lesenacht (pauschal 30 Euro) | K69: =ROUND(H32,0) -> 0 | L69: 0.5 | M69: =K69*L69 -> 0 | U69: =AA68+1 -> 45851 | V69: =U69+1 -> 45852 | W69: =V69+1 -> 45853 | X69: =W69+1 -> 45854 | Y69: =X69+1 -> 45855 | Z69: =Y69+1 -> 45856 | AA69: =Z69+1 -> 45857
A70: G e s a m t s u m m e | G70: =SUM(F40+F41+F42+F43+F44+F45+F46+F48+F49+F50+F51+F57+F58+F59+F60+F61+F62+F63+F65+F68+F69) -> 0 | K70: =ROUND(H33,0) -> 0 | L70: 0.5 | M70: =K70*L70 -> 0 | U70: =AA69+1 -> 45858 | V70: =U70+1 -> 45859 | W70: =V70+1 -> 45860 | X70: =W70+1 -> 45861 | Y70: =X70+1 -> 45862 | Z70: =Y70+1 -> 45863 | AA70: =Z70+1 -> 45864
K71: =SUM(K63:K70) -> 0 | L71: =SUM(L63:L70) -> 4 | M71: =SUM(M63:M70) -> 0 | U71: =AA70+1 -> 45865 | V71: =U71+1 -> 45866 | W71: =V71+1 -> 45867 | X71: =W71+1 -> 45868 | Y71: =X71+1 -> 45869 | Z71: =Y71+1 -> 45870 | AA71: =Z71+1 -> 45871
U72: =AA71+1 -> 45872 | V72: =U72+1 -> 45873 | W72: =V72+1 -> 45874 | X72: =W72+1 -> 45875 | Y72: =X72+1 -> 45876 | Z72: =Y72+1 -> 45877 | AA72: =Z72+1 -> 45878
A73: Lehrpersonen: | I73: erfasst / geprüft | U73: =AA72+1 -> 45879 | V73: =U73+1 -> 45880 | W73: =V73+1 -> 45881 | X73: =W73+1 -> 45882 | Y73: =X73+1 -> 45883 | Z73: =Y73+1 -> 45884 | AA73: =Z73+1 -> 45885
A74: Familienname, Vorname | C74: SAP-Personalnr. | E74: auszuzahlender Betrag | G74: steuer- u. SV-pflichtig | U74: =AA73+1 -> 45886 | V74: =U74+1 -> 45887 | W74: =V74+1 -> 45888 | X74: =W74+1 -> 45889 | Y74: =X74+1 -> 45890 | Z74: =Y74+1 -> 45891 | AA74: =Z74+1 -> 45892
U75: =AA74+1 -> 45893 | V75: =U75+1 -> 45894 | W75: =V75+1 -> 45895 | X75: =W75+1 -> 45896 | Y75: =X75+1 -> 45897 | Z75: =Y75+1 -> 45898 | AA75: =Z75+1 -> 45899
U76: =AA75+1 -> 45900 | V76: =U76+1 -> 45901 | W76: =V76+1 -> 45902 | X76: =W76+1 -> 45903 | Y76: =X76+1 -> 45904 | Z76: =Y76+1 -> 45905 | AA76: =Z76+1 -> 45906
U77: =AA76+1 -> 45907 | V77: =U77+1 -> 45908 | W77: =V77+1 -> 45909 | X77: =W77+1 -> 45910 | Y77: =X77+1 -> 45911 | Z77: =Y77+1 -> 45912 | AA77: =Z77+1 -> 45913
U78: =AA77+1 -> 45914 | V78: =U78+1 -> 45915 | W78: =V78+1 -> 45916 | X78: =W78+1 -> 45917 | Y78: =X78+1 -> 45918 | Z78: =Y78+1 -> 45919 | AA78: =Z78+1 -> 45920
U79: =AA78+1 -> 45921 | V79: =U79+1 -> 45922 | W79: =V79+1 -> 45923 | X79: =W79+1 -> 45924 | Y79: =X79+1 -> 45925 | Z79: =Y79+1 -> 45926 | AA79: =Z79+1 -> 45927
U80: =AA79+1 -> 45928 | V80: =U80+1 -> 45929 | W80: =V80+1 -> 45930 | X80: =W80+1 -> 45931 | Y80: =X80+1 -> 45932 | Z80: =Y80+1 -> 45933 | AA80: =Z80+1 -> 45934
U81: =AA80+1 -> 45935 | V81: =U81+1 -> 45936 | W81: =V81+1 -> 45937 | X81: =W81+1 -> 45938 | Y81: =X81+1 -> 45939 | Z81: =Y81+1 -> 45940 | AA81: =Z81+1 -> 45941
U82: =AA81+1 -> 45942 | V82: =U82+1 -> 45943 | W82: =V82+1 -> 45944 | X82: =W82+1 -> 45945 | Y82: =X82+1 -> 45946 | Z82: =Y82+1 -> 45947 | AA82: =Z82+1 -> 45948
U83: =AA82+1 -> 45949 | V83: =U83+1 -> 45950 | W83: =V83+1 -> 45951 | X83: =W83+1 -> 45952 | Y83: =X83+1 -> 45953 | Z83: =Y83+1 -> 45954 | AA83: =Z83+1 -> 45955
U84: =AA83+1 -> 45956 | V84: =U84+1 -> 45957 | W84: =V84+1 -> 45958 | X84: =W84+1 -> 45959 | Y84: =X84+1 -> 45960 | Z84: =Y84+1 -> 45961 | AA84: =Z84+1 -> 45962
U85: =AA84+1 -> 45963 | V85: =U85+1 -> 45964 | W85: =V85+1 -> 45965 | X85: =W85+1 -> 45966 | Y85: =X85+1 -> 45967 | Z85: =Y85+1 -> 45968 | AA85: =Z85+1 -> 45969
A86: Schulfremde Personen (ohne IBAN keine Zahlung möglich) Für jede weitere schulfr. Person bitte jeweils ein eigenes Formular verwenden! | U86: =AA85+1 -> 45970 | V86: =U86+1 -> 45971 | W86: =V86+1 -> 45972 | X86: =W86+1 -> 45973 | Y86: =X86+1 -> 45974 | Z86: =Y86+1 -> 45975 | AA86: =Z86+1 -> 45976
A87: Empfänger | U87: =AA86+1 -> 45977 | V87: =U87+1 -> 45978 | W87: =V87+1 -> 45979 | X87: =W87+1 -> 45980 | Y87: =X87+1 -> 45981 | Z87: =Y87+1 -> 45982 | AA87: =Z87+1 -> 45983
A88: Postleitzahl | U88: =AA87+1 -> 45984 | V88: =U88+1 -> 45985 | W88: =V88+1 -> 45986 | X88: =W88+1 -> 45987 | Y88: =X88+1 -> 45988 | Z88: =Y88+1 -> 45989 | AA88: =Z88+1 -> 45990
A89: Wohnort u. Adresse | U89: =AA88+1 -> 45991 | V89: =U89+1 -> 45992 | W89: =V89+1 -> 45993 | X89: =W89+1 -> 45994 | Y89: =X89+1 -> 45995 | Z89: =Y89+1 -> 45996 | AA89: =Z89+1 -> 45997
A90: IBAN | F90: =IF(B90="","",IF(OR(LEN(B90)>20,LEN(B90)<20),"Bitte überprüfen Sie die IBAN-Angabe!","")) | O90: =#REF!+1 -> #REF! | P90: =O90+1 -> #REF! | Q90: =P90+1 -> #REF! | R90: =Q90+1 -> #REF! | S90: =R90+1 -> #REF! | T90: =S90+1 -> #REF! | U90: =AA89+1 -> 45998 | V90: =U90+1 -> 45999 | W90: =V90+1 -> 46000 | X90: =W90+1 -> 46001 | Y90: =X90+1 -> 46002 | Z90: =Y90+1 -> 46003 | AA90: =Z90+1 -> 46004
A91: BIC (bei Auslandszahlungen) | U91: =AA90+1 -> 46005 | V91: =U91+1 -> 46006 | W91: =V91+1 -> 46007 | X91: =W91+1 -> 46008 | Y91: =X91+1 -> 46009 | Z91: =Y91+1 -> 46010 | AA91: =Z91+1 -> 46011
U92: =AA91+1 -> 46012 | V92: =U92+1 -> 46013 | W92: =V92+1 -> 46014 | X92: =W92+1 -> 46015 | Y92: =X92+1 -> 46016 | Z92: =Y92+1 -> 46017 | AA92: =Z92+1 -> 46018
A93: APS/BS | U93: =AA92+1 -> 46019 | V93: =U93+1 -> 46020 | W93: =V93+1 -> 46021 | X93: =W93+1 -> 46022 | Y93: =X93+1 -> 46023 | Z93: =Y93+1 -> 46024 | AA93: =Z93+1 -> 46025
A94: zu Lasten | B94: ist nachstehender Betrag zu zahlen | U94: =AA93+1 -> 46026 | V94: =U94+1 -> 46027 | W94: =V94+1 -> 46028 | X94: =W94+1 -> 46029 | Y94: =X94+1 -> 46030 | Z94: =Y94+1 -> 46031 | AA94: =Z94+1 -> 46032
A95: TRANS | B95: BUKR | C95: BUDAT | D95: BELDAT | E95: REFERENZ | F95: BUSCHL | G95: KREDITOR | H95: ZAHLWEG | I95: ZANSCH | U95: =AA94+1 -> 46033 | V95: =U95+1 -> 46034 | W95: =V95+1 -> 46035 | X95: =W95+1 -> 46036 | Y95: =X95+1 -> 46037 | Z95: =Y95+1 -> 46038 | AA95: =Z95+1 -> 46039
A96: F-63 | B96: 0100 | E96: 01004100 | F96: 31 | G96: 241000 | H96: S | I96: ABW. ZEMPF. | U96: =AA95+1 -> 46040 | V96: =U96+1 -> 46041 | W96: =V96+1 -> 46042 | X96: =W96+1 -> 46043 | Y96: =X96+1 -> 46044 | Z96: =Y96+1 -> 46045 | AA96: =Z96+1 -> 46046
A97: BUSCHL | B97: SACHKONTO | C97: H-ANSATZ-POST UGL | E97: FINANZST. | F97: AUFTRAG | I97: BETRAG | U97: =AA96+1 -> 46047 | V97: =U97+1 -> 46048 | W97: =V97+1 -> 46049 | X97: =W97+1 -> 46050 | Y97: =X97+1 -> 46051 | Z97: =Y97+1 -> 46052 | AA97: =Z97+1 -> 46053
A98: 40 | B98: 7298400 | C98: 1-210008-7298400 | E98: 1004100201 | F98: LL00510009 | U98: =AA97+1 -> 46054 | V98: =U98+1 -> 46055 | W98: =V98+1 -> 46056 | X98: =W98+1 -> 46057 | Y98: =X98+1 -> 46058 | Z98: =Y98+1 -> 46059 | AA98: =Z98+1 -> 46060
A99: Zahlungsgrund | B99: Schulveranstaltung - Reisegebühren | F99: gebucht: | H99: Bel.-Nr.: | U99: =AA98+1 -> 46061 | V99: =U99+1 -> 46062 | W99: =V99+1 -> 46063 | X99: =W99+1 -> 46064 | Y99: =X99+1 -> 46065 | Z99: =Y99+1 -> 46066 | AA99: =Z99+1 -> 46067
U100: =AA99+1 -> 46068 | V100: =U100+1 -> 46069 | W100: =V100+1 -> 46070 | X100: =W100+1 -> 46071 | Y100: =X100+1 -> 46072 | Z100: =Y100+1 -> 46073 | AA100: =Z100+1 -> 46074
...

Sheet Leitfaden
A1: Leitfaden - Abrechnung Reisegebühren für Schulveranstaltungen
A4: Im Folgenden wird der vollständige Ablauf einer Reisekostenabrechnung für Schulveranstaltungen erläutert.
A6: → Das Formular zur Abrechnung von Reisegebühren für Schulveranstaltungen ist nur
A7: von Landeslehrern zu verwenden.
A9: Bei Veranstaltungen mit einer Dauer von weniger als fünf Stunden gebührt grundsätzlich kein Anspruch auf Vergütung der Reisegebühren.
A10: Die Vergütung für die Leitung und die Teilnahme an mehrtägigen Schulveranstaltungen (Erlass Nr. 41) wird über die Schuldatenbank abgerechnet. Eine Privat-PKW-Genehmigung (amtliches Kilometergeld) kann grundsätzlich nur bei berufspraktischen Tagen genehmigt werden können.
A12: Folgende Punkte sind bei der Abrechnung von Reisegebühren für Schulveranstaltungen zu
A13: berücksichtigen, wobei die einzelnen Schritte nachstehend näher behandelt werden:
A27: 1. Herunterladen des Formulars "Reisegebühren für Schulveranstaltungen"
A29: Um das Formular "Reisegebühren für Schulveranstaltungen" ausfüllen zu können, muss dieses zunächst
A30: auf der Homepage der Bildungsdirektion, www.bildung-tirol.gv.at, heruntergeladen werden.
A31: https://bildung-tirol.gv.at/service/formularsammlung/personalabteilung
... A148: → berechnet. Die Tarife gestalten sich wie folgt:
A150: a) Exkursion: | G150: Tagesgebühr
A151: Mehr als 5 bis zu 8 Stunden: | F151: EUR | G151: 10
A152: Mehr als 8 bis zu 12 Stunden: | F152: EUR | G152: 20
A153: Mehr als 12 bis zu 24 Stunden: | F153: EUR | G153: 22.8
A155: ! Sämtliche Exkursionen sind über das Formular abzurechnen ! ! Mehrtägige Exkursionen sind als Projektwochen/-tage abzurechnen!
A158: b) Wander- bzw. Sporttag: | G158: Tagesgebühr
A159: Mehr als 5 bis zu 8 Stunden: | F159: EUR | G159: 12.75
A160: Mehr als 8 Stunden: | F160: EUR | G160: 26.25
A162: c) Berufspraktischer Tag: | G162: Tagesgebühr
A163: Kilometergeld (Genehmigung): | F163: EUR | G163: 0,50 pro km
A164: Mehr als 5 bis zu 8 Stunden: | F164: EUR | G164: 10
A165: Mehr als 8 bis zu 12 Stunden: | F165: EUR | G165: 20
A166: Mehr als 12 bis zu 24 Stunden: | F166: EUR | G166: 22.8
A168: d) Berufspraktische Woche: | G168: Tagesgebühr
A169: Kilometergeld (Genehmigung): | F169: EUR | G169: 0,50 pro km
A170: Mehr als 5 bis zu 8 Stunden: | F170: EUR | G170: 10
A171: Mehr als 8 bis zu 12 Stunden: | F171: EUR | G171: 20
A172: Mehr als 12 bis zu 24 Stunden: | F172: EUR | G172: 22.8
A174: e) Wintersportwoche: (ab 4 Tage) | G174: Tagesgebühr
A175: pro angefangenem Tag mit / ohne Nächtigung: | F175: EUR | G175: 36.3
A176: Mehr als 5 bis zu 8 Stunden: | F176: EUR | G176: 12.75
A177: Mehr als 8 Stunden: | F177: EUR | G177: 26.25
A179: f) Sommersportwoche: (ab 4 Tage) | G179: Tagesgebühr
A180: pro angefangenem Tag mit/ohne Nächtigung: | F180: EUR | G180: 31.5
A182: Mehr als 5 bis zu 8 Stunden: | F182: EUR | G182: 12.75
A183: Mehr als 8 Stunden: | F183: EUR | G183: 26.25
A185: g) Lesenacht: | G185: Tagesgebühr
A186: mit Nächtigung | F186: EUR | G186: 30
A188: h) Projekttage/-woche: | G188: Tagesgebühr
A189: pro angefangenem Tag mit/ohne Nächtigung: | F189: EUR | G189: 28.8
A191: Mehr als 5 bis zu 8 Stunden: | F191: EUR | G191: 10
A192: Mehr als 8 bis 12 Stunden: | F192: EUR | G192: 20
A193: Mehr als 12 bis 24 Stunden: | F193: EUR | G193: 20
A195: i) Abschlusslehrfahrt: | G195: Tagesgebühr
A196: pro angefangenem Tag mit/ohne Nächtigung: | F196: EUR | G196: 28.8
A198: Mehr als 5 bis zu 8 Stunden: | F198: EUR | G198: 10
A199: Mehr als 8 bis zu 12 Stunden: | F199: EUR | G199: 20
A200: Mehr als 12 bis 24 Stunden: | F200: EUR | G200: 20
A203: 11.Bitte tragen Sie im nächsten Schritt die Begleitpersonen der Schulveranstaltung ein. Geben Sie Vor-
A204: → und Nachname an sowie die SAP-Personalnummer der Lehrkraft. Schulfremde Personen (z.B.
A205: → Schulassistentin) tragen Sie bitte in das dafür vorgesehene Feld ein. Geben Sie den Name, Postleitzahl
A206: → und Wohnort u. Adresse an und achten Sie auf die korrekte Angabe des IBAN (20 Stellen)
B208: Lehrpersonen:
B222: Schulfremde Personen:
A233: 12. Tragen Sie im nächsten Schritt bitte Bemerkungen sowie eine Telefonnummer für Rückfragen in
A234: → das dafür vorgesehene Feld ein.
A241: 3. Ausdrucken des Formulars "Reisegebühren für Schulveranstaltungen"
A243: Das Formular "Reisegebühren für Schulveranstaltungen" ist erst auszudrucken, wenn es vollständig
A244: elektronisch ausgefüllt wurde, da nur elektronisch ausgefüllte Formulare bearbeitet werden können.
A245: Händisch ausgefüllte Formulare müssen retourniert werden.
A248: 4. Belege beilegen
A250: Da der Antrag im Falle des Fehlens der erforderlichen Belege retour geschickt werden muss, sind diese
A251: unbedingt beizulegen. Bei Nächtigung(en) ist das Formular "Bestätigung der Unterkunft" für Lehrer
A252: ohne Frühstück auszufüllen und dem Antrag beizulegen.
A253: Im Zusammenhang mit berufspraktischen Tagen bzw. Wochen ist auch der ausgefüllte "Einsatzplan
A254: berufsprakt. Tage" beizulegen.
... A282: 7. Ansprechpersonen bezüglich Schulveranstaltungen

Sheet Information_Kompakt
A2: Information Kompakt: Reisegebühren für Schulveranstaltungen | B2: ☐ Teilen Sie uns die zusätzliche Förderung der Fahrtkosten (Südtirol Aktion) unbedingt mit
B3: ☐ England-Wochen: Übersichtliche Kostenaufstellung inkl. Umrechnung
A4: Das Excel-Formular zur einfachen Abrechnung wird laufend aktuell gehalten und ist unter | B4: ☐ Beantragen Sie die Standortskikurse mit der Kategorie Wander- oder Sporttag
A5: https://bildung-tirol.gv.at/service/formularsammlung/personalabteilung abrufbar. | B5: → Erst ab 4 Tagen ist die Angabe als Wintersportwoche erlaubt!Sowie bei Sommersportwoche!
A6: Die Abrechnung
A7: ☐ Wählen Sie Ihre Schule aus und geben Sie die Art der Veranstaltung an | B7: SachbearbeiterInnen Abteilung Budget und Wirtschaft
A8: ☐ Geben Sie Datum, Uhrzeit & Ort der Veranstaltung an | B8: Angelika Mittermayer-Prader (erreichbar Dienstag-Donnerstag vormittags)
A9: ☐ Fahrtkosten: Rechnungen + Einzahlungs-/Buchungsbestätigung für das gemietete Beförderungsmittel (wie z.B. Bus) sind immer beizulegen | B9: E-Mail: angelika.mittermayer-prader@bildung-tirol.gv.at
B10: Telefon: +43 512 9012 - 9236
A11: → Aufschlüsselung der anteiligen Fahrtkosten pro Lehrperson ist notwendig ! | B11: Beatrix Arnold (erreichbar Montag-Freitag vormittags)
A12: ☐ Nächtigungskosten: ausschließlich Bestätigungen für Lehrer ohne Frühstück ! | B12: E-Mail: beatrix.arnold@bildung-tirol.gv.at
A13: → Bitte verwenden Sie dafür das Beiblatt "Bestätigung der Unterkunft"! Rechnung&Einzahlungsbeleg | B13: Telefon: +43 512 9012 - 9195
A14: ☐ Legen Sie alle Belege, Rechnungen+Einzahlungsbestätigungen für sonstige Kosten
A15: wie z.B. Eintritte, Liftfahrten, u.a. bei
A16: ☐ Lehrpersonen: Achten Sie auf die korrekte Angabe von Name und SAP-Personalnummer
A17: ☐ Schulfremde Personen : Geben Sie Name,Ort,PLZ,Adresse u. korrekten IBAN (20 Stellen) an
A18: →Jede weitere schulfremde Person (z.B. (Keine Vorschläge)) benötigt ein eigenes Formular !
A19: ☐ Angabe der Telefonnummer bei Rückfragen vorteilhaft
A20: ☐ Unterschrift und Stempel der Schulleitung auf der Rückseite dürfen nicht fehlen
A21: → Alternative: per E-Mail mit Einzeiler die sachliche Richtigkeit der Angaben bestätigen
A22: ☐ Berufspraktischen Tage/Wochen: Beilage des Einsatzplanes erforderlich
A23: ☐ ! Antragsfrist innerhalb von 6 Monaten (beginnend mit dem Monat, in den das Ende
A24: der Dienstreise fällt !! gemäß § 36 Abs. 2 RGV 1955 | B24: Formularübermittlung
A25: Weitere wichtige Punkte
A26: ☐ ! Sämtliche Exkursionen sind über das Formular abzurechnen. | B26: Achtung: keine doppelte Übermittlung und die sachliche Richtigkeit der Angaben bestätigen !
A27: ! Mehrtägige Exkursionen sind als Projekttage/-woche abzurechnen!
A28: ☐ Bei unterschiedlichen Kosten pro Lehrperson (z.B. verschiedene Fahrtkosten für 2 LP) sind | B28: Bildungsdirektion für Tirol
A29: → separate Formulare für die jeweiligen Lehrpersonen auszufüllen | B29: Abteilung Budget und Wirtschaft
A30: ☐ Bitte legen Sie bei jedem weiteren Formular (z.B. für schulfremde Personen) die jeweiligen | B30: zH Frau Angelika Mittermayer-Prader
A31: → Kopien (Belege) erneut bei | B31: Heiliggeiststraße 7
A32: ☐ Für jede Lehrperson sind die Kosten separat mittels Belegen nachzuweisen (keine Kopien!) | B32: 6020 Innsbruck
A33: ☐ Genehmigung v. PKW Fahrtkosten (Kilometergeld) erfolgt NUR bei berufspraktischen Tagen
A34: ☐ Wien-Wochen: unbedingt alle Belege (zB Wiener Linien, Musical, Tiergarten,…) Rechnungen | B34: oder per E-Mail an: abrechnung.schulveranstaltungen@bildung-tirol.gv.at
A35: inkl. Einzahlungsbestätigungen → Bei Wien Aktionen ist das Schreiben des BM beizulegen

Sheet Bestätigung Unterkunft
A1: Beilage zum Antrag Reisegebühren für Schulveranstaltungen
A3: B E S T Ä T I G U N G
A5: Es wird bestätigt, dass nachstehend angeführten Lehrkräfte (Begleitpersonen) anlässlich der
B7: Sommersportwoche | G7: Wintersportwoche | M7: Projektwoche
A10: der
A12: in der Zeit von ____________________ bis _____________________
A14: in unserer Unterkunft in __________________________________
A16: folgende Kosten bezahlt haben:
A18: Lehrkräfte/Begleitpersonen:
A19: Nächtigungskosten ohne Frühstück | I19: Anzahl der Nächtigungen | O19: Summe
A20: EUR | H20: X | N20: = | O20: EUR
A23: Der | C23: Halbpensionspreis | J23: Vollpensionspreis
A25: - für die Lehrkräfte/Begleitpersonen belief sich auf EUR _________________ /Tag (inkl. MWSt.)
A27: Lehrkräfte/Begleitpersonen:
A41: Ort, Datum | K41: Unterschrift, Stempel
A42: Bildungsdirektion für Tirol, Heilliggeiststraße 7, 6020 Innsbruck

Sheet Einsatzplan berufsprakt.Tage
A1: Einsatzplan für berufspraktische Tage
A3: Schule
A5: Name der Lehrperson
A7: Berufspraktische Tage bzw. Woche | G7: von | K7: bis
A9: Datum | C9: Betriebsbesuche in | H9: Dauer der Dienstverrichtung | M9: Kilometer- anzahl
A30: Bildungsdirektion für Tirol, Heiliggeiststraße 7, 6020 Innsbruck

Sheet Tarife
C1: 1 | D1: 2 | E1: 3 | F1: 4 | K1: 6 | L1: 4 | S1: 1 | T1: Schultyp - bitte auswählen | V1: 1 | W1: Bezirk - bitte auswählen | Y1: NR | AA1: Zeile | AB1: 1 | AC1: bitte auswählen
C2: Berufs- praktische Tage | D2: Berufs- praktische Woche | E2: Projektwoche | F2: Abschluss- lehrfahrt | L2: 5 | S2: 2 | T2: Berufsschule | V2: 2 | W2: Ibk-Land/Ost | Y2: =Formular!K3 -> 11 | Z2: =VLOOKUP(Formular!K3,Schuldatenbank!$E$3:$O$605,5,FALSE) -> #N/A | AA2: =VLOOKUP(Y2,Schuldatenbank!E3:O600,11,FALSE) -> #N/A | AB2: 2 | AC2: =VLOOKUP(Z2,Schuldatenbank!$I$3:$O$600,2,FALSE) -> #N/A
A3: Fahrtspesen | B3: Öffentlich | C3: ja | D3: ja | E3: ja | F3: ja | S3: 3 | T3: Mittelschule | V3: 3 | W3: Ibk-Land/West | Y3: =AA2+1 -> #N/A | Z3: =VLOOKUP(Y3,Schuldatenbank!$A$3:$O$600,6,FALSE) -> #N/A | AA3: =VLOOKUP(Y3,Schuldatenbank!$A$3:$O$600,5,FALSE) -> #N/A | AB3: 3 | AC3: =IF($Y$2=AA3,VLOOKUP(Z3,Schuldatenbank!$E$2:$O$600,5,FALSE),"") -> #N/A
A4: Fahrtspesen | B4: gemietetes Beförd.Mittel | C4: ja | D4: ja | E4: ja | F4: ja | S4: 4 | T4: Land- und forstwirtschaftliche Fachschule | V4: 4 | W4: Imst | Y4: =Y3+1 -> #N/A | Z4: =VLOOKUP(Y4,Schuldatenbank!$A$3:$O$600,6,FALSE) -> #N/A | AA4: =VLOOKUP(Y4,Schuldatenbank!$A$3:$O$600,5,FALSE) -> #N/A | AB4: 4 | AC4: =IF($Y$2=AA4,VLOOKUP(Z4,Schuldatenbank!$E$2:$O$600,5,FALSE),"") -> #N/A
A5: Fahrtspesen | B5: eigenes KFZ | C5: 0.5 | D5: 0.5 | E5: 0 | F5: 0 | G5: bei SPZ und ASO immer EUR 0,42/km | S5: 5 | T5: Polytechnische Schule | V5: 5 | W5: Innsbruck-Stadt | Y5: =Y4+1 -> #N/A | Z5: =VLOOKUP(Y5,Schuldatenbank!$A$3:$O$600,6,FALSE) -> #N/A | AA5: =VLOOKUP(Y5,Schuldatenbank!$A$3:$O$600,5,FALSE) -> #N/A | AB5: 5 | AC5: =IF($Y$2=AA5,VLOOKUP(Z5,Schuldatenbank!$E$2:$O$600,5,FALSE),"") -> #N/A
B6: mit Nächtigung | E6: 28.8 | S6: 6 | T6: Sonderschule | V6: 6 | W6: Kitzbühel | Y6: =Y5+1 -> #N/A | Z6: =VLOOKUP(Y6,Schuldatenbank!$A$3:$O$600,6,FALSE) -> #N/A | AA6: =VLOOKUP(Y6,Schuldatenbank!$A$3:$O$600,5,FALSE) -> #N/A | AB6: 6 | AC6: =IF($Y$2=AA6,VLOOKUP(Z6,Schuldatenbank!$E$2:$O$600,5,FALSE),"") -> #N/A
A7: 0.20833333 | B7: <=5 | C7: RGV | D7: RGV | E7: 0 | F7: 0 | S7: 7 | T7: Volksschule | V7: 7 | W7: Kufstein | Y7: =Y6+1 -> #N/A | Z7: =VLOOKUP(Y7,Schuldatenbank!$A$3:$O$600,6,FALSE) -> #N/A | AA7: =VLOOKUP(Y7,Schuldatenbank!$A$3:$O$600,5,FALSE) -> #N/A | AB7: 7 | AC7: =IF($Y$2=AA7,VLOOKUP(Z7,Schuldatenbank!$E$2:$O$600,5,FALSE),"") -> #N/A
A8: 0.20902778 | B8: > 5-8 Std. | C8: 10 | D8: 10 | E8: 10 | F8: 10 | V8: 8 | W8: Landeck | Y8: =Y7+1 -> #N/A | Z8: =VLOOKUP(Y8,Schuldatenbank!$A$3:$O$600,6,FALSE) -> #N/A | AA8: =VLOOKUP(Y8,Schuldatenbank!$A$3:$O$600,5,FALSE) -> #N/A | AB8: 8 | AC8: =IF($Y$2=AA8,VLOOKUP(Z8,Schuldatenbank!$E$2:$O$600,5,FALSE),"") -> #N/A
A9: 0.33333333 | B9: > 5-8 Std. | C9: 10 | D9: 10 | E9: 10 | F9: 10 | H9: x | V9: 9 | W9: Lienz | Y9: =Y8+1 -> #N/A | Z9: =VLOOKUP(Y9,Schuldatenbank!$A$3:$O$600,6,FALSE) -> #N/A | AA9: =VLOOKUP(Y9,Schuldatenbank!$A$3:$O$600,5,FALSE) -> #N/A | AB9: 9 | AC9: =IF($Y$2=AA9,VLOOKUP(Z9,Schuldatenbank!$E$2:$O$600,5,FALSE),"") -> #N/A
A10: 0.33402778 | B10: > 8-12 Std. | C10: 20 | D10: 20 | E10: 20 | F10: 20 | V10: 10 | W10: Reutte | Y10: =Y9+1 -> #N/A | Z10: =VLOOKUP(Y10,Schuldatenbank!$A$3:$O$600,6,FALSE) -> #N/A | AA10: =VLOOKUP(Y10,Schuldatenbank!$A$3:$O$600,5,FALSE) -> #N/A | AB10: 10 | AC10: =IF($Y$2=AA10,VLOOKUP(Z10,Schuldatenbank!$E$2:$O$600,5,FALSE),"") -> #N/A
A11: 0.5 | B11: > 8-12 Std. | C11: 20 | D11: 20 | E11: 20 | F11: 20 | H11: x | V11: 11 | W11: Schwaz | Y11: =Y10+1 -> #N/A | Z11: =VLOOKUP(Y11,Schuldatenbank!$A$3:$O$600,6,FALSE) -> #N/A | AA11: =VLOOKUP(Y11,Schuldatenbank!$A$3:$O$600,5,FALSE) -> #N/A | AB11: 11 | AC11: =IF($Y$2=AA11,VLOOKUP(Z11,Schuldatenbank!$E$2:$O$600,5,FALSE),"") -> #N/A
A12: 0.50069444 | B12: >12 - 24 Std. | C12: 22.8 | D12: 22.8 | E12: 20 | F12: 20 | Y12: =Y11+1 -> #N/A | Z12: =VLOOKUP(Y12,Schuldatenbank!$A$3:$O$600,6,FALSE) -> #N/A | AA12: =VLOOKUP(Y12,Schuldatenbank!$A$3:$O$600,5,FALSE) -> #N/A | AB12: 12 | AC12: =IF($Y$2=AA12,VLOOKUP(Z12,Schuldatenbank!$E$2:$O$600,5,FALSE),"") -> #N/A
A13: 1 | B13: >12 - 24 Std. | C13: 22.8 | D13: 22.8 | E13: 20 | F13: 20 | H13: x | Y13: =Y12+1 -> #N/A | Z13: =VLOOKUP(Y13,Schuldatenbank!$A$3:$O$600,6,FALSE) -> #N/A | AA13: =VLOOKUP(Y13,Schuldatenbank!$A$3:$O$600,5,FALSE) -> #N/A | AB13: 13 | AC13: =IF($Y$2=AA13,VLOOKUP(Z13,Schuldatenbank!$E$2:$O$600,5,FALSE),"") -> #N/A
Y14: =Y13+1 -> #N/A | Z14: =VLOOKUP(Y14,Schuldatenbank!$A$3:$O$600,6,FALSE) -> #N/A | AA14: =VLOOKUP(Y14,Schuldatenbank!$A$3:$O$600,5,FALSE) -> #N/A | AB14: 14 | AC14: =IF($Y$2=AA14,VLOOKUP(Z14,Schuldatenbank!$E$2:$O$600,5,FALSE),"") -> #N/A
C15: Exkursion | D15: Wander- oder Sporttag | E15: Winter- sportwoche | F15: Sommer- sportwoche | Y15: =Y14+1 -> #N/A | Z15: =VLOOKUP(Y15,Schuldatenbank!$A$3:$O$600,6,FALSE) -> #N/A | AA15: =VLOOKUP(Y15,Schuldatenbank!$A$3:$O$600,5,FALSE) -> #N/A | AB15: 15 | AC15: =IF($Y$2=AA15,VLOOKUP(Z15,Schuldatenbank!$E$2:$O$600,5,FALSE),"") -> #N/A
A16: Fahrtspesen | B16: Öffentlich | C16: ja | D16: ja | E16: ja | F16: ja | Y16: =Y15+1 -> #N/A | Z16: =VLOOKUP(Y16,Schuldatenbank!$A$3:$O$600,6,FALSE) -> #N/A | AA16: =VLOOKUP(Y16,Schuldatenbank!$A$3:$O$600,5,FALSE) -> #N/A | AB16: 16 | AC16: =IF($Y$2=AA16,VLOOKUP(Z16,Schuldatenbank!$E$2:$O$600,5,FALSE),"") -> #N/A
A17: Fahrtspesen | B17: gemietetes Beförd.Mittel | C17: ja | D17: ja | E17: ja | F17: ja | Y17: =Y16+1 -> #N/A | Z17: =VLOOKUP(Y17,Schuldatenbank!$A$3:$O$600,6,FALSE) -> #N/A | AA17: =VLOOKUP(Y17,Schuldatenbank!$A$3:$O$600,5,FALSE) -> #N/A | AB17: 17 | AC17: =IF($Y$2=AA17,VLOOKUP(Z17,Schuldatenbank!$E$2:$O$600,5,FALSE),"") -> #N/A
A18: Fahrtspesen | B18: eigenes KFZ | C18: 0 | D18: 0 | E18: 0 | F18: 0 | G18: bei SPZ und ASO immer EUR 0,42/km | Y18: =Y17+1 -> #N/A | Z18: =VLOOKUP(Y18,Schuldatenbank!$A$3:$O$600,6,FALSE) -> #N/A | AA18: =VLOOKUP(Y18,Schuldatenbank!$A$3:$O$600,5,FALSE) -> #N/A | AB18: 18 | AC18: =IF($Y$2=AA18,VLOOKUP(Z18,Schuldatenbank!$E$2:$O$600,5,FALSE),"") -> #N/A
B19: mit Nächtigung | E19: 36.3 | F19: 31.5 | Y19: =Y18+1 -> #N/A | Z19: =VLOOKUP(Y19,Schuldatenbank!$A$3:$O$600,6,FALSE) -> #N/A | AA19: =VLOOKUP(Y19,Schuldatenbank!$A$3:$O$600,5,FALSE) -> #N/A | AB19: 19 | AC19: =IF($Y$2=AA19,VLOOKUP(Z19,Schuldatenbank!$E$2:$O$600,5,FALSE),"") -> #N/A
A20: 0.20833333 | B20: <=5 | C20: 0 | D20: 0 | E20: 0 | F20: 0 | Y20: =Y19+1 -> #N/A | Z20: =VLOOKUP(Y20,Schuldatenbank!$A$3:$O$600,6,FALSE) -> #N/A | AA20: =VLOOKUP(Y20,Schuldatenbank!$A$3:$O$600,5,FALSE) -> #N/A | AB20: 20 | AC20: =IF($Y$2=AA20,VLOOKUP(Z20,Schuldatenbank!$E$2:$O$600,5,FALSE),"") -> #N/A
A21: 0.20902778 | B21: >= 5-8 Std. | C21: 10 | D21: 12.75 | E21: 12.75 | F21: 12.75 | Y21: =Y20+1 -> #N/A | Z21: =VLOOKUP(Y21,Schuldatenbank!$A$3:$O$600,6,FALSE) -> #N/A | AA21: =VLOOKUP(Y21,Schuldatenbank!$A$3:$O$600,5,FALSE) -> #N/A | AB21: 21 | AC21: =IF($Y$2=AA21,VLOOKUP(Z21,Schuldatenbank!$E$2:$O$600,5,FALSE),"") -> #N/A
A22: 0.33333333 | B22: >= 5-8 Std. | C22: 10 | D22: 12.75 | E22: 12.75 | F22: 12.75 | H22: x | Y22: =Y21+1 -> #N/A | Z22: =VLOOKUP(Y22,Schuldatenbank!$A$3:$O$600,6,FALSE) -> #N/A | AA22: =VLOOKUP(Y22,Schuldatenbank!$A$3:$O$600,5,FALSE) -> #N/A | AB22: 22 | AC22: =IF($Y$2=AA22,VLOOKUP(Z22,Schuldatenbank!$E$2:$O$600,5,FALSE),"") -> #N/A
A23: 0.33402778 | B23: > 8 Std. | C23: 20 | D23: 26.25 | E23: 26.25 | F23: 26.25 | Y23: =Y22+1 -> #N/A | Z23: =VLOOKUP(Y23,Schuldatenbank!$A$3:$O$600,6,FALSE) -> #N/A | AA23: =VLOOKUP(Y23,Schuldatenbank!$A$3:$O$600,5,FALSE) -> #N/A | AB23: 23 | AC23: =IF($Y$2=AA23,VLOOKUP(Z23,Schuldatenbank!$E$2:$O$600,5,FALSE),"") -> #N/A
A24: 0.99930556 | B24: > 8 Std. | C24: 20 | D24: 26.25 | E24: 26.25 | F24: 26.25 | Y24: =Y23+1 -> #N/A | Z24: =VLOOKUP(Y24,Schuldatenbank!$A$3:$O$600,6,FALSE) -> #N/A | AA24: =VLOOKUP(Y24,Schuldatenbank!$A$3:$O$600,5,FALSE) -> #N/A | AB24: 24 | AC24: =IF($Y$2=AA24,VLOOKUP(Z24,Schuldatenbank!$E$2:$O$600,5,FALSE),"") -> #N/A
Y25: =Y24+1 -> #N/A | Z25: =VLOOKUP(Y25,Schuldatenbank!$A$3:$O$600,6,FALSE) -> #N/A | AA25: =VLOOKUP(Y25,Schuldatenbank!$A$3:$O$600,5,FALSE) -> #N/A | AB25: 25 | AC25: =IF($Y$2=AA25,VLOOKUP(Z25,Schuldatenbank!$E$2:$O$600,5,FALSE),"") -> #N/A
Y26: =Y25+1 -> #N/A | Z26: =VLOOKUP(Y26,Schuldatenbank!$A$3:$O$600,6,FALSE) -> #N/A | AA26: =VLOOKUP(Y26,Schuldatenbank!$A$3:$O$600,5,FALSE) -> #N/A | AB26: 26 | AC26: =IF($Y$2=AA26,VLOOKUP(Z26,Schuldatenbank!$E$2:$O$600,5,FALSE),"") -> #N/A
B27: Fahrtspesen | C27: Fahrtspesen | D27: Fahrtspesen | E27: Nächtigungsbeühr | F27: Tagesdrittel | G27: Tagesdrittel | H27: Tagesdrittel | I27: Tagesdrittel | J27: Tagesdrittel | Y27: =Y26+1 -> #N/A | Z27: =VLOOKUP(Y27,Schuldatenbank!$A$3:$O$600,6,FALSE) -> #N/A | AA27: =VLOOKUP(Y27,Schuldatenbank!$A$3:$O$600,5,FALSE) -> #N/A | AB27: 27 | AC27: =IF($Y$2=AA27,VLOOKUP(Z27,Schuldatenbank!$E$2:$O$600,5,FALSE),"") -> #N/A
Y28: =Y27+1 -> #N/A | Z28: =VLOOKUP(Y28,Schuldatenbank!$A$3:$O$600,6,FALSE) -> #N/A | AA28: =VLOOKUP(Y28,Schuldatenbank!$A$3:$O$600,5,FALSE) -> #N/A | AB28: 28 | AC28: =IF($Y$2=AA28,VLOOKUP(Z28,Schuldatenbank!$E$2:$O$600,5,FALSE),"") -> #N/A
B29: Öffentlich | C29: gemietetes Beförd.Mittel | D29: eigenes KFZ | E29: mit Nächtigung | F29: <=5 | G29: > 5-8 Std. | H29: > 8 Std. | I29: > 8-12 Std. | J29: >12 - 24 Std. | Y29: =Y28+1 -> #N/A | Z29: =VLOOKUP(Y29,Schuldatenbank!$A$3:$O$600,6,FALSE) -> #N/A | AA29: =VLOOKUP(Y29,Schuldatenbank!$A$3:$O$600,5,FALSE) -> #N/A | AB29: 29 | AC29: =IF($Y$2=AA29,VLOOKUP(Z29,Schuldatenbank!$E$2:$O$600,5,FALSE),"") -> #N/A
A30: Exkursion | B30: ja | C30: ja | D30: 0 | F30: 0 | G30: 10 | H30: 20 | I30: 20 | J30: 22.8 | Y30: =Y29+1 -> #N/A | Z30: =VLOOKUP(Y30,Schuldatenbank!$A$3:$O$600,6,FALSE) -> #N/A | AA30: =VLOOKUP(Y30,Schuldatenbank!$A$3:$O$600,5,FALSE) -> #N/A | AB30: 30 | AC30: =IF($Y$2=AA30,VLOOKUP(Z30,Schuldatenbank!$E$2:$O$600,5,FALSE),"") -> #N/A
A31: Wander- oder Sporttag | B31: ja | C31: ja | D31: 0 | F31: 0 | G31: 12.75 | H31: 26.25 | Y31: =Y30+1 -> #N/A | Z31: =VLOOKUP(Y31,Schuldatenbank!$A$3:$O$600,6,FALSE) -> #N/A | AA31: =VLOOKUP(Y31,Schuldatenbank!$A$3:$O$600,5,FALSE) -> #N/A | AB31: 31 | AC31: =IF($Y$2=AA31,VLOOKUP(Z31,Schuldatenbank!$E$2:$O$600,5,FALSE),"") -> #N/A
A32: Berufs- praktische Tage | B32: ja | C32: ja | D32: 0.5 | F32: 0 | G32: 10 | H32: 20 | I32: 20 | J32: 22.8 | Y32: =Y31+1 -> #N/A | Z32: =VLOOKUP(Y32,Schuldatenbank!$A$3:$O$600,6,FALSE) -> #N/A | AA32: =VLOOKUP(Y32,Schuldatenbank!$A$3:$O$600,5,FALSE) -> #N/A | AB32: 32 | AC32: =IF($Y$2=AA32,VLOOKUP(Z32,Schuldatenbank!$E$2:$O$600,5,FALSE),"") -> #N/A
A33: Berufs- praktische Woche | B33: ja | C33: ja | D33: 0.5 | F33: 0 | G33: 10 | H33: 20 | I33: 20 | J33: 22.8 | Y33: =Y32+1 -> #N/A | Z33: =VLOOKUP(Y33,Schuldatenbank!$A$3:$O$600,6,FALSE) -> #N/A | AA33: =VLOOKUP(Y33,Schuldatenbank!$A$3:$O$600,5,FALSE) -> #N/A | AB33: 33 | AC33: =IF($Y$2=AA33,VLOOKUP(Z33,Schuldatenbank!$E$2:$O$600,5,FALSE),"") -> #N/A
A34: Winter- sportwoche | B34: ja | C34: ja | D34: 0 | E34: 36.3 | F34: 0 | G34: 12.75 | H34: 26.25 | Y34: =Y33+1 -> #N/A | Z34: =VLOOKUP(Y34,Schuldatenbank!$A$3:$O$600,6,FALSE) -> #N/A | AA34: =VLOOKUP(Y34,Schuldatenbank!$A$3:$O$600,5,FALSE) -> #N/A | AB34: 34 | AC34: =IF($Y$2=AA34,VLOOKUP(Z34,Schuldatenbank!$E$2:$O$600,5,FALSE),"") -> #N/A
A35: Sommer- sportwoche | B35: ja | C35: ja | D35: 0 | E35: 31.5 | F35: 0 | G35: 12.75 | H35: 26.25 | Y35: =Y34+1 -> #N/A | Z35: =VLOOKUP(Y35,Schuldatenbank!$A$3:$O$600,6,FALSE) -> #N/A | AA35: =VLOOKUP(Y35,Schuldatenbank!$A$3:$O$600,5,FALSE) -> #N/A | AB35: 35 | AC35: =IF($Y$2=AA35,VLOOKUP(Z35,Schuldatenbank!$E$2:$O$600,5,FALSE),"") -> #N/A
A36: Projektwoche | B36: ja | C36: ja | D36: 0 | E36: 28.8 | F36: 0 | G36: 10 | I36: 20 | J36: 20 | Y36: =Y35+1 -> #N/A | Z36: =VLOOKUP(Y36,Schuldatenbank!$A$3:$O$600,6,FALSE) -> #N/A | AA36: =VLOOKUP(Y36,Schuldatenbank!$A$3:$O$600,5,FALSE) -> #N/A | AB36: 36 | AC36: =IF($Y$2=AA36,VLOOKUP(Z36,Schuldatenbank!$E$2:$O$600,5,FALSE),"") -> #N/A
A37: Abschluss- lehrfahrt | B37: ja | C37: ja | D37: 0 | F37: 0 | G37: 10 | I37: 20 | J37: 20 | Y37: =Y36+1 -> #N/A | Z37: =VLOOKUP(Y37,Schuldatenbank!$A$3:$O$600,6,FALSE) -> #N/A | AA37: =VLOOKUP(Y37,Schuldatenbank!$A$3:$O$600,5,FALSE) -> #N/A | AB37: 37 | AC37: =IF($Y$2=AA37,VLOOKUP(Z37,Schuldatenbank!$E$2:$O$600,5,FALSE),"") -> #N/A
D38: bei SPZ und ASO immer EUR 0,42/km | Y38: =Y37+1 -> #N/A | Z38: =VLOOKUP(Y38,Schuldatenbank!$A$3:$O$600,6,FALSE) -> #N/A | AA38: =VLOOKUP(Y38,Schuldatenbank!$A$3:$O$600,5,FALSE) -> #N/A | AB38: 38 | AC38: =IF($Y$2=AA38,VLOOKUP(Z38,Schuldatenbank!$E$2:$O$600,5,FALSE),"") -> #N/A
Y39: =Y38+1 -> #N/A | Z39: =VLOOKUP(Y39,Schuldatenbank!$A$3:$O$600,6,FALSE) -> #N/A | AA39: =VLOOKUP(Y39,Schuldatenbank!$A$3:$O$600,5,FALSE) -> #N/A | AB39: 39 | AC39: =IF($Y$2=AA39,VLOOKUP(Z39,Schuldatenbank!$E$2:$O$600,5,FALSE),"") -> #N/A
Y40: =Y39+1 -> #N/A | Z40: =VLOOKUP(Y40,Schuldatenbank!$A$3:$O$600,6,FALSE) -> #N/A | AA40: =VLOOKUP(Y40,Schuldatenbank!$A$3:$O$600,5,FALSE) -> #N/A | AB40: 40 | AC40: =IF($Y$2=AA40,VLOOKUP(Z40,Schuldatenbank!$E$2:$O$600,5,FALSE),"") -> #N/A
Y41: =Y40+1 -> #N/A | Z41: =VLOOKUP(Y41,Schuldatenbank!$A$3:$O$600,6,FALSE) -> #N/A | AA41: =VLOOKUP(Y41,Schuldatenbank!$A$3:$O$600,5,FALSE) -> #N/A | AB41: 41 | AC41: =IF($Y$2=AA41,VLOOKUP(Z41,Schuldatenbank!$E$2:$O$600,5,FALSE),"") -> #N/A
A42: 1 | B42: bitte auswählen | C42: bitte auswählen | Y42: =Y41+1 -> #N/A | Z42: =VLOOKUP(Y42,Schuldatenbank!$A$3:$O$600,6,FALSE) -> #N/A | AA42: =VLOOKUP(Y42,Schuldatenbank!$A$3:$O$600,5,FALSE) -> #N/A | AB42: 42 | AC42: =IF($Y$2=AA42,VLOOKUP(Z42,Schuldatenbank!$E$2:$O$600,5,FALSE),"") -> #N/A
A43: 2 | B43: Exkursion | C43: ohne Nächtigung | Y43: =Y42+1 -> #N/A | Z43: =VLOOKUP(Y43,Schuldatenbank!$A$3:$O$600,6,FALSE) -> #N/A | AA43: =VLOOKUP(Y43,Schuldatenbank!$A$3:$O$600,5,FALSE) -> #N/A | AB43: 43 | AC43: =IF($Y$2=AA43,VLOOKUP(Z43,Schuldatenbank!$E$2:$O$600,5,FALSE),"") -> #N/A
A44: 3 | B44: Wander- oder Sporttag | C44: mit Nächtigung - ohne Nächtigungskosten | Y44: =Y43+1 -> #N/A | Z44: =VLOOKUP(Y44,Schuldatenbank!$A$3:$O$600,6,FALSE) -> #N/A | AA44: =VLOOKUP(Y44,Schuldatenbank!$A$3:$O$600,5,FALSE) -> #N/A | AB44: 44 | AC44: =IF($Y$2=AA44,VLOOKUP(Z44,Schuldatenbank!$E$2:$O$600,5,FALSE),"") -> #N/A
A45: 4 | B45: Berufspraktische Tage | C45: mit Nächtigung - mit Nächtigungskosten | Y45: =Y44+1 -> #N/A | Z45: =VLOOKUP(Y45,Schuldatenbank!$A$3:$O$600,6,FALSE) -> #N/A | AA45: =VLOOKUP(Y45,Schuldatenbank!$A$3:$O$600,5,FALSE) -> #N/A | AB45: 45 | AC45: =IF($Y$2=AA45,VLOOKUP(Z45,Schuldatenbank!$E$2:$O$600,5,FALSE),"") -> #N/A
A46: 5 | B46: Berufspraktische Woche | Y46: =Y45+1 -> #N/A | Z46: =VLOOKUP(Y46,Schuldatenbank!$A$3:$O$600,6,FALSE) -> #N/A | AA46: =VLOOKUP(Y46,Schuldatenbank!$A$3:$O$600,5,FALSE) -> #N/A | AB46: 46 | AC46: =IF($Y$2=AA46,VLOOKUP(Z46,Schuldatenbank!$E$2:$O$600,5,FALSE),"") -> #N/A
A47: 6 | B47: Wintersportwoche | Y47: =Y46+1 -> #N/A | Z47: =VLOOKUP(Y47,Schuldatenbank!$A$3:$O$600,6,FALSE) -> #N/A | AA47: =VLOOKUP(Y47,Schuldatenbank!$A$3:$O$600,5,FALSE) -> #N/A | AB47: 47 | AC47: =IF($Y$2=AA47,VLOOKUP(Z47,Schuldatenbank!$E$2:$O$600,5,FALSE),"") -> #N/A
A48: 7 | B48: Sommersportwoche | Y48: =Y47+1 -> #N/A | Z48: =VLOOKUP(Y48,Schuldatenbank!$A$3:$O$600,6,FALSE) -> #N/A | AA48: =VLOOKUP(Y48,Schuldatenbank!$A$3:$O$600,5,FALSE) -> #N/A | AB48: 48 | AC48: =IF($Y$2=AA48,VLOOKUP(Z48,Schuldatenbank!$E$2:$O$600,5,FALSE),"") -> #N/A
A49: 8 | B49: Projektwoche | Y49: =Y48+1 -> #N/A | Z49: =VLOOKUP(Y49,Schuldatenbank!$A$3:$O$600,6,FALSE) -> #N/A | AA49: =VLOOKUP(Y49,Schuldatenbank!$A$3:$O$600,5,FALSE) -> #N/A | AB49: 49 | AC49: =IF($Y$2=AA49,VLOOKUP(Z49,Schuldatenbank!$E$2:$O$600,5,FALSE),"") -> #N/A
A50: 9 | B50: Abschlusslehrfahrt | Y50: =Y49+1 -> #N/A | Z50: =VLOOKUP(Y50,Schuldatenbank!$A$3:$O$600,6,FALSE) -> #N/A | AA50: =VLOOKUP(Y50,Schuldatenbank!$A$3:$O$600,5,FALSE) -> #N/A | AB50: 50 | AC50: =IF($Y$2=AA50,VLOOKUP(Z50,Schuldatenbank!$E$2:$O$600,5,FALSE),"") -> #N/A
Y51: =Y50+1 -> #N/A | Z51: =VLOOKUP(Y51,Schuldatenbank!$A$3:$O$600,6,FALSE) -> #N/A | AA51: =VLOOKUP(Y51,Schuldatenbank!$A$3:$O$600,5,FALSE) -> #N/A | AB51: 51 | AC51: =IF($Y$2=AA51,VLOOKUP(Z51,Schuldatenbank!$E$2:$O$600,5,FALSE),"") -> #N/A
E52: Fahrtspesen | F52: Fahrtspesen | G52: Fahrtspesen | H52: Nächtigungsgeühr | I52: Tagesdrittel | J52: Tagesdrittel | L52: Tagesdrittel | N52: Tagesdrittel | O52: Tagesdrittel
A53: 1 | B53: 2 | C53: 3 | D53: 4 | E53: 5 | F53: 6 | G53: 7 | H53: 8 | I53: 9 | J53: 10 | K53: 11 | L53: 12 | M53: 13 | N53: 14 | O53: 15
I54: 0.20833333 | J54: 0.20902778 | K54: 0.33333333 | L54: 0.33402778 | M54: 0.5 | N54: 0.50069444 | O54: 0.99930556
A55: Auswahl | B55: Veranstaltung | C55: Mit/ohne Nächtigung | D55: leer | E55: Öffentlich | F55: gemietetes Beförd.Mittel | G55: eigenes KFZ | H55: mit Nächtigung | I55: <=5 | J55: > 5-8 Std. | K55: > 5-8 Std. | L55: > 8 Std. | M55: > 8 - 12 Std. | N55: > 8-12 Std. | O55: >12 - 24 Std.
A56: 11 | B56: bitte auswählen | C56: bitte auswählen | E56: 0 | F56: 0 | G56: 0 | H56: 0
A57: 12 | B57: bitte auswählen | C57: ohne Nächtigung | E57: 0 | F57: 0 | G57: 0 | H57: 0
A58: 13 | B58: bitte auswählen | C58: mit Nächtigung - ohne Nächtigungskosten | E58: 0 | F58: 0 | G58: 0 | H58: 0
A59: 14 | B59: bitte auswählen | C59: mit Nächtigung - mit Nächtigungskosten | E59: 0 | F59: 0 | G59: 0 | H59: 0
A60: 21 | B60: Exkursion | C60: bitte auswählen | E60: ja | F60: ja | G60: 0 | H60: 0 | I60: 0 | J60: 10 | K60: 10 | L60: 20 | M60: 20 | N60: 22.8 | O60: 22.8
A61: 22 | B61: Exkursion | C61: ohne Nächtigung | E61: ja | F61: ja | G61: 0 | H61: 0 | I61: 0 | J61: 10 | K61: 10 | L61: 20 | M61: 20 | N61: 22.8 | O61: 22.8
A62: 23 | B62: Exkursion | C62: mit Nächtigung - ohne Nächtigungskosten | E62: ja | H62: 0 | I62: 0 | J62: 10 | K62: 10 | L62: 20 | M62: 20 | N62: 22.8 | O62: 22.8
A63: 24 | B63: Exkursion | C63: mit Nächtigung - mit Nächtigungskosten | E63: ja | H63: 0 | I63: 0 | J63: 10 | K63: 10 | L63: 20 | M63: 20 | N63: 22.8 | O63: 22.8
A64: 31 | B64: Wander- oder Sporttag | C64: bitte auswählen | E64: ja | H64: 0 | I64: 0 | J64: 12.75 | K64: =J64 -> 12.75 | L64: 12.75 | M64: =L64 -> 12.75 | N64: 26.25 | O64: =N64 -> 26.25
A65: 32 | B65: Wander- oder Sporttag | C65: ohne Nächtigung | E65: ja | H65: 0 | I65: 0 | J65: 12.75 | K65: =J65 -> 12.75 | L65: 12.75 | M65: =L65 -> 12.75 | N65: 26.25 | O65: =N65 -> 26.25
A66: 33 | B66: Wander- oder Sporttag | C66: mit Nächtigung - ohne Nächtigungskosten | E66: ja | H66: 0 | I66: 0 | J66: 12.75 | K66: =J66 -> 12.75 | L66: 12.75 | M66: =L66 -> 12.75 | N66: 26.25 | O66: =N66 -> 26.25
A67: 34 | B67: Wander- oder Sporttag | C67: mit Nächtigung - mit Nächtigungskosten | E67: ja | H67: 0 | I67: 0 | J67: 12.75 | K67: =J67 -> 12.75 | L67: 12.75 | M67: =L67 -> 12.75 | N67: 26.25 | O67: =N67 -> 26.25
A68: 41 | B68: Berufspraktische Tage | C68: bitte auswählen | E68: ja | G68: 0.5 | H68: 0 | I68: 0 | J68: 10 | K68: 10 | L68: 20 | M68: 20 | N68: 22.8 | O68: 22.8
A69: 42 | B69: Berufspraktische Tage | C69: ohne Nächtigung | E69: ja | G69: 0.5 | H69: 0 | I69: 0 | J69: 10 | K69: 10 | L69: 20 | M69: 20 | N69: 22.8 | O69: 22.8
A70: 43 | B70: Berufspraktische Tage | C70: mit Nächtigung - ohne Nächtigungskosten | E70: ja | G70: 0.5 | H70: 0 | I70: 0 | J70: 10 | K70: 10 | L70: 20 | M70: 20 | N70: 22.8 | O70: 22.8
A71: 44 | B71: Berufspraktische Tage | C71: mit Nächtigung - mit Nächtigungskosten | E71: ja | G71: 0.5 | H71: 0 | I71: 0 | J71: 10 | K71: 10 | L71: 20 | M71: 20 | N71: 22.8 | O71: 22.8
A72: 51 | B72: Berufspraktische Woche | C72: bitte auswählen | E72: ja | G72: 0.5 | H72: 0 | I72: 0 | J72: 10 | K72: 10 | L72: 20 | M72: 20 | N72: 22.8 | O72: 22.8
A73: 52 | B73: Berufspraktische Woche | C73: ohne Nächtigung | E73: ja | G73: 0.5 | H73: 0 | I73: 0 | J73: 10 | K73: 10 | L73: 20 | M73: 20 | N73: 22.8 | O73: 22.8
A74: 53 | B74: Berufspraktische Woche | C74: mit Nächtigung - ohne Nächtigungskosten | E74: ja | G74: 0.5 | H74: 0 | I74: 0 | J74: 10 | K74: 10 | L74: 20 | M74: 20 | N74: 22.8 | O74: 22.8
A75: 54 | B75: Berufspraktische Woche | C75: mit Nächtigung - mit Nächtigungskosten | E75: ja | G75: 0.5 | H75: 0 | I75: 0 | J75: 10 | K75: 10 | L75: 20 | M75: 20 | N75: 22.8 | O75: 22.8
A76: 61 | B76: Wintersportwoche | C76: bitte auswählen | E76: ja | H76: 0 | I76: 0 | J76: 12.75 | K76: =J76 -> 12.75 | L76: 26.25 | M76: =L76 -> 26.25 | N76: 26.25 | O76: =N76 -> 26.25
A77: 62 | B77: Wintersportwoche | C77: ohne Nächtigung | E77: ja | H77: 0 | I77: 0 | J77: 12.75 | K77: =J77 -> 12.75 | L77: 26.25 | M77: =L77 -> 26.25 | N77: 26.25 | O77: =N77 -> 26.25
A78: 63 | B78: Wintersportwoche | C78: mit Nächtigung - ohne Nächtigungskosten | E78: ja | H78: 36.3 | I78: 0 | J78: 12.75 | K78: =J78 -> 12.75 | L78: 26.25 | M78: =L78 -> 26.25 | N78: 26.25 | O78: =N78 -> 26.25
A79: 64 | B79: Wintersportwoche | C79: mit Nächtigung - mit Nächtigungskosten | E79: ja | H79: 36.3 | I79: 0 | J79: 12.75 | K79: =J79 -> 12.75 | L79: 26.25 | M79: =L79 -> 26.25 | N79: 26.25 | O79: =N79 -> 26.25
A80: 71 | B80: Sommersportwoche | C80: bitte auswählen | E80: ja | H80: 0 | I80: 0 | J80: 12.75 | K80: =J80 -> 12.75 | L80: 26.25 | M80: =L80 -> 26.25 | N80: 26.25 | O80: =N80 -> 26.25
A81: 72 | B81: Sommersportwoche | C81: ohne Nächtigung | E81: ja | H81: 0 | I81: 0 | J81: 12.75 | K81: =J81 -> 12.75 | L81: 26.25 | M81: =L81 -> 26.25 | N81: 26.25 | O81: =N81 -> 26.25
A82: 73 | B82: Sommersportwoche | C82: mit Nächtigung - ohne Nächtigungskosten | E82: ja | H82: 31.5 | I82: 0 | J82: 12.75 | K82: =J82 -> 12.75 | L82: 26.25 | M82: =L82 -> 26.25 | N82: 26.25 | O82: =N82 -> 26.25
A83: 74 | B83: Sommersportwoche | C83: mit Nächtigung - mit Nächtigungskosten | E83: ja | H83: 31.5 | I83: 0 | J83: 12.75 | K83: =J83 -> 12.75 | L83: 26.25 | M83: =L83 -> 26.25 | N83: 26.25 | O83: =N83 -> 26.25
A84: 81 | B84: Projektwoche | C84: bitte auswählen | E84: ja | H84: 0 | I84: 0 | J84: 10 | K84: 10 | L84: 20 | M84: 20 | N84: 20 | O84: 20
A85: 82 | B85: Projektwoche | C85: ohne Nächtigung | E85: ja | H85: 0 | I85: 0 | J85: 10 | K85: 10 | L85: 20 | M85: 20 | N85: 20 | O85: 20
A86: 83 | B86: Projektwoche | C86: mit Nächtigung - ohne Nächtigungskosten | E86: ja | H86: 28.8 | I86: 0 | J86: 10 | K86: 10 | L86: 20 | M86: 20 | N86: 20 | O86: 20
A87: 86 | B87: Projektwoche | C87: mit Nächtigung - mit Nächtigungskosten | E87: ja | H87: 28.8 | I87: 0 | J87: 10 | K87: 10 | L87: 20 | M87: 20 | N87: 20 | O87: 20
A88: 91 | B88: Abschlusslehrfahrt | C88: bitte auswählen | E88: ja | H88: 0 | I88: 0 | J88: 10 | K88: 10 | L88: 20 | M88: 20 | N88: 20 | O88: 20
A89: 92 | B89: Abschlusslehrfahrt | C89: ohne Nächtigung | E89: ja | H89: 0 | I89: 0 | J89: 10 | K89: 10 | L89: 20 | M89: 20 | N89: 20 | O89: 20
A90: 93 | B90: Abschlusslehrfahrt | C90: mit Nächtigung - ohne Nächtigungskosten | E90: ja | H90: 28.8 | I90: 0 | J90: 10 | K90: 10 | L90: 20 | M90: 20 | N90: 20 | O90: 20
A91: 94 | B91: Abschlusslehrfahrt | C91: mit Nächtigung - mit Nächtigungskosten | E91: ja | H91: 28.8 | I91: 0 | J91: 10 | K91: 10 | L91: 20 | M91: 20 | N91: 20 | O91: 20
A98: =Formular!R34 -> 0
A99: =VLOOKUP(VALUE(Formular!R34),Tarife!A100:B5000,2,TRUE) -> 9 | B99: Spalten-Nr. >5,>8;>12 | C99: Spalten-Nr. >=5,>=8;>=12
A100: 0 | B100: 9 | C100: 9
A101: 0.00069444444 | B101: 9 | C101: 9
A102: 0.0013888889 | B102: 9 | C102: 9
A103: 0.0020833333 | B103: 9 | C103: 9
A104: 0.0027777778 | B104: 9 | C104: 9
A105: 0.0034722222 | B105: 9 | C105: 9
A106: 0.0041666667 | B106: 9 | C106: 9
...

Sheet Bestätigung Unterkunft Ausland
A1: Beilage zum Antrag Reisegebühren für Schulveranstaltungen
A2: Supplement to request travel fees for school events in Great Britain
A3: Confirmation
A5: It is confirmed that listed below teachers (escorts) at the
A8: School:
A11: in the time of ____________________ till _____________________
A14: have paid our tourist accommodation in ___________________________
A17: the following costs:
A19: Teacher:
A20: Overnight accommodation without breakfast: | J20: Number of nights: | N20: amount: | P20: Betrag:
A21: £ | D21: EUR | H21: X | M21: = | N21: £ | P21: EUR
A25: Half-board per day: | F25: £
A26: Full-board price per day: | F26: £
A30: - for teachers amounted to EUR _________________ / per day (incl. VAT)
A33: Teachers
A40: Bildungsdirektion für Tirol, Heilliggeiststraße 7, 6020 Innsbruck (Allgemein bildende Pflichtschulen)
A53: Allegato alla domanda "tariffe di viaggio per le manifestazioni scholastici"
A55: confermazione
A57: Si conferma che gli insegnanti elencati qui di seguito patecipando alla
B59: Settimana sportiva estiva | G59: Settimana sportiva invernale | M59: Settimana di progetto
A62: della scuola:
A64: dal ____________________ al_____________________
A67: nella nostra azienda di alloggiamento __________________________________
A70: Hanno pagato le spese seguente :
A72: insegnanti/accompagnatori:
A73: Pernottamento senza prima colazione | I73: Quantità dei pernottamenti | O73: Somma
A74: EUR | G74: X | M74: = | O74: EUR
A79: il | C79: Prezzo per la Mezza Pensione | J79: Pensione completa
A82: - per gli insegnanti/accompagnatori sono di EUR _________________ /al giorno (IVA compresa)
A86: insegnanti/accompagnatori:
A94: Bildungsdirektion für Tirol, Heilliggeiststraße 7, 6020 Innsbruck (Allgemein bildende Pflichtschulen)

Sheet Tarif_BefZuschuss
A1: Öffentliches Verkehrsmittel - Beförderungszuschuss | F1: Nutzung PKW-Beförderungszuschuss
A2: ab Kilometer | B2: bis Kilometer | C2: gültig ab | F2: ab Kilometer | G2: bis Kilometer | H2: KMSatz Fahrer
A3: 1 | B3: 1 | C3: 2 | F3: 1 | G3: 1 | H3: 2
A4: 2 | B4: 2 | C4: 2 | F4: 2 | G4: 2 | H4: 2
A5: 3 | B5: 3 | C5: 2 | F5: 3 | G5: 3 | H5: 2
A6: 4 | B6: 4 | C6: 2 | F6: 4 | G6: 4 | H6: 2
A7: 5 | B7: 5 | C7: 2 | F7: 5 | G7: 5 | H7: 2
A8: 6 | B8: 6 | C8: 2 | F8: 6 | G8: 6 | H8: 2
A9: 7 | B9: 7 | C9: 2 | F9: 7 | G9: 7 | H9: 2
A10: 8 | B10: 8 | C10: 2 | F10: 8 | G10: 8 | H10: 2
A11: 9 | B11: 9 | C11: 4.5 | F11: 9 | G11: 9 | H11: 2.34
A12: 10 | B12: 10 | C12: 5 | F12: 10 | G12: 10 | H12: 2.6
A13: 11 | B13: 11 | C13: 5.5 | F13: 11 | G13: 11 | H13: 2.86
A14: 12 | B14: 12 | C14: 6 | F14: 12 | G14: 12 | H14: 3.12
... A642: 640 | B642: 640 | C642: 109 | F642: 640 | G642: 640 | H642: 69.3

Sheet Schuldatenbank
E1: Bitte Schule auswählen | F1: Bezirk
A2: 710131 | B2: 703073 | C2: APS | D2: SoS | E2: ASO Axams | F2: Innsbruck Land - West | G2: Lassnig Johannes | H2: hp.lassnig@tsn.at | I2: Ejiayelia-Gruber Karin | J2: ka.gruber@tsn.at | K2: Lindenweg 8 | L2: 70304 | M2: 6094 | N2: Axams | O2: +43 5234 68712 | Q2: direktion@aso-axams.tsn.at | R2: https://www.ms-seefeld.tsn.at | T2: ="Tel."&" "&O2&" "&"Mail:"&" "&Q2 -> Tel. +43 5234 68712 Mail: direktion@aso-axams.tsn.at
A3: 780832 | B3: 709043 | C3: APS | D3: SoS | E3: ASO Fügen | F3: Schwaz | G3: Gruber Paul | H3: p.gruber@tsn.at | I3: Kwech Andrea | J3: an.kwech@tsn.at | K3: Lindenweg 24 | L3: 70909 | M3: 6263 | N3: Fügen | O3: 0676 8344 5825 | P3: 0676 - 8344 5825 | Q3: direktion@aso-fuegen.tsn.at | R3: http://www.vs-vils.tsn.at/ | T3: ="Tel."&" "&O3&" "&"Mail:"&" "&Q3 -> Tel. 0676 8344 5825 Mail: direktion@aso-fuegen.tsn.at
A4: 730231 | B4: 702023 | C4: APS | D4: SoS | E4: ASO Haiming | F4: Imst | G4: Rotter Daniela | H4: d.rotter@tsn.at | I4: Mohamed Barbara | J4: ba.mohamed@tsn.at | K4: Waldstraße 13a | L4: 70202 | M4: 6430 | N4: Ötztal-Bahnhof / Haiming | O4: +43 5266 88600 570 | P4: 06607737380 | Q4: direktion@aso-haiming.tsn.at | R4: http://www.vs-unterried.tsn.at | T4: ="Tel."&" "&O4&" "&"Mail:"&" "&Q4 -> Tel. +43 5266 88600 570 Mail: direktion@aso-haiming.tsn.at
A5: 740631 | B5: 704033 | C5: APS | D5: SoS | E5: ASO Hopfgarten i. Br. | F5: Kitzbühel | G5: Kogler Barbara | H5: b.kogler@tsn.at | I5: Geisler Katharina | J5: k.geisler@tsn.at | K5: Marktgasse 22 | L5: 70406 | M5: 6361 | N5: Hopfgarten i. Br. | O5: +43 5335 228119 | P5: 069910965330 | Q5: direktion@aso-hopfgarten.tsn.at | R5: http://www.vs-absameichat.at/ | T5: ="Tel."&" "&O5&" "&"Mail:"&" "&Q5 -> Tel. +43 5335 228119 Mail: direktion@aso-hopfgarten.tsn.at
A6: 791631 | B6: 707013 | C6: APS | D6: SoS | E6: ASO Lienz | F6: Lienz | G6: Walder Martina | H6: ma.walder@tsn.at | I6: Mair Johanna | J6: j.mair@tsn.at | K6: Schloßgasse 2 | L6: 70716 | M6: 9900 | N6: Lienz | O6: +43 4852 62279 | P6: +434852 62279 | Q6: direktion@aso-lienz.tsn.at | R6: http://www.vs-koessen.tsn.at | T6: ="Tel."&" "&O6&" "&"Mail:"&" "&Q6 -> Tel. +43 4852 62279 Mail: direktion@aso-lienz.tsn.at
A7: 721031 | B7: 703023 | C7: APS | D7: SoS | E7: ASO Schulzentrum Hall | F7: Innsbruck Land - Ost | G7: Knapp-Hauser Karoline | H7: k.knapp-hauser@tsn.at | I7: Müller-Wisiol Andrea | J7: a.mueller-wisiol@tsn.at | K7: Universitätsallee 1 | L7: 70354 | M7: 6060 | N7: Hall i.T. | O7: +43 5223 45025 | Q7: direktion@aso-schulzentrum-hall.tsn.at | R7: http://www.vs-wattenberg.tsn.at | T7: ="Tel."&" "&O7&" "&"Mail:"&" "&Q7 -> Tel. +43 5223 45025 Mail: direktion@aso-schulzentrum-hall.tsn.at
A8: 782331 | B8: 709023 | C8: APS | D8: SoS | E8: ASO Schwaz | F8: Schwaz | G8: Wilfling Susanne | H8: s.wilfling@tsn.at | I8: Fankhauser Roland | J8: ro.fankhauser@tsn.at | K8: Franz-Josef-Straße 26 | L8: 70926 | M8: 6130 | N8: Schwaz | O8: +43 5242 6960505 | P8: 0680/5569019 | Q8: direktion@aso-schwaz.tsn.at | R8: http://www.vs-scharnitz.tsn.at/ | T8: ="Tel."&" "&O8&" "&"Mail:"&" "&Q8 -> Tel. +43 5242 6960505 Mail: direktion@aso-schwaz.tsn.at
A9: 722331 | B9: 703143 | C9: APS | D9: SoS | E9: ASO Wipptal | F9: Innsbruck Land - Ost | G9: Stoll Stefan | H9: s.stoll@tsn.at | I9: Kirchmair Elisabeth | J9: elis.kirchmair@tsn.at | K9: Trinserstraße 17 | L9: 70355 | M9: 6150 | N9: Steinach a.Br. | O9: +43 5272 6251620 | Q9: direktion@aso-wipptal.tsn.at | R9: http://www.eke.at/ | T9: ="Tel."&" "&O9&" "&"Mail:"&" "&Q9 -> Tel. +43 5272 6251620 Mail: direktion@aso-wipptal.tsn.at
A10: 761331 | B10: 706013 | C10: APS | D10: SoS | E10: ASO Zams | F10: Landeck | G10: Lanser Peter | H10: p.lanser@tsn.at | I10: Landerer Jürgen | J10: j.landerer@tsn.at | K10: Hauptstraße 49 | L10: 70630 | M10: 6511 | N10: Zams | O10: +43 5442 64054 | P10: +43 664 3947998 | Q10: direktion@aso-zams.tsn.at | T10: ="Tel."&" "&O10&" "&"Mail:"&" "&Q10 -> Tel. +43 5442 64054 Mail: direktion@aso-zams.tsn.at
A11: 791211 | B11: 707231 | C11: APS | D11: VS | E11: Bildungszentrum Kals | F11: Lienz | G11: Troger Michaela | H11: michaela.troger@tsn.at | I11: Bergerweiß Mathilde | J11: ma.bergerweiss@tsn.at | K11: Ködnitz 49 | L11: 70712 | M11: 9981 | N11: Kals a. Gr. | O11: 04876/8210 60 | P11: +43 6767558880 | Q11: direktion@bz-kals.tsn.at | R11: http://www.vs-jodler.tsn.at | T11: ="Tel."&" "&O11&" "&"Mail:"&" "&Q11 -> Tel. 04876/8210 60 Mail: direktion@bz-kals.tsn.at
A12: 700131 | B12: 701013 | C12: APS | D12: SoS | E12: Daniel-Sailer-Schule | F12: Innsbruck Stadt | G12: Burkhart Anita | H12: a.burkhart@tsn.at | I12: Herrmann-Hergovits Lydia | J12: l.hergovits@tsn.at | K12: Siebererstraße 9 | L12: 70101 | M12: 6020 | N12: Innsbruck | O12: +43 512 589466 | P12: +43 6506317114 | Q12: direktion@daniel-sailer-schule.tsn.at | R12: https://www.ms2-stjohann.tsn.at | T12: ="Tel."&" "&O12&" "&"Mail:"&" "&Q12 -> Tel. +43 512 589466 Mail: direktion@daniel-sailer-schule.tsn.at
A13: 710132 | B13: 703083 | C13: APS | D13: SoS | E13: Elisabethinum | F13: Innsbruck Land - West | G13: Kofler Wolfgang | H13: w.kofler@tsn.at | I13: Neuner Martina | J13: ma.neuner@tsn.at | K13: Mailsweg 2 | L13: 70304 | M13: 6094 | N13: Axams | O13: +43 5234 68277310 | Q13: direktion@pss-elisabethinum.tsn.at | R13: http://www.ms-sillian.at/ | T13: ="Tel."&" "&O13&" "&"Mail:"&" "&Q13 -> Tel. +43 5234 68277310 Mail: direktion@pss-elisabethinum.tsn.at
A14: 792731 | B14: 707043 | C14: APS | D14: SoS | E14: Georg Großlercher Schule | F14: Lienz | G14: Kozubowski Markus | H14: m.kozubowski@tsn.at | I14: Bachmann Sandra | J14: sandra.bachmann@tsn.at | K14: Sillian 185j | L14: 70728 | M14: 9920 | N14: Sillian | O14: +43 4842 6541 | P14: +43 6645912622 | Q14: direktion@aso-sillian.tsn.at | T14: ="Tel."&" "&O14&" "&"Mail:"&" "&Q14 -> Tel. +43 4842 6541 Mail: direktion@aso-sillian.tsn.at
A15: 751331 | B15: 705023 | C15: APS | D15: SoS | E15: Hans Henzinger Schule | F15: Kufstein | G15: Saugspier Roswitha | H15: r.saugspier@tsn.at | I15: Herz Barbara | J15: b.herz@tsn.at | K15: Josef Egger-Straße 2 | L15: 70513 | M15: 6330 | N15: Kufstein | O15: +43 5372 602150 | Q15: direktion@hans-henzinger-schule.tsn.at | T15: ="Tel."&" "&O15&" "&"Mail:"&" "&Q15 -> Tel. +43 5372 602150 Mail: direktion@hans-henzinger-schule.tsn.at
A16: 700133 | B16: 701033 | C16: APS | D16: SoS | E16: Heilstättenschule | F16: Innsbruck Stadt | G16: Waidhofer Andreas | H16: a.waidhofer@tsn.at | I16: Ralser Simone | J16: simone.ralser@tsn.at | K16: Anichstraße 35 | L16: 70101 | M16: 6020 | N16: Innsbruck | O16: +43 512 50422484 | Q16: direktion@heilstaettenschule.tsn.at | R16: https://www.ms-fliess.tsn.at | T16: ="Tel."&" "&O16&" "&"Mail:"&" "&Q16 -> Tel. +43 512 50422484 Mail: direktion@heilstaettenschule.tsn.at
A17: 730321 | B17: 702022 | C17: APS | D17: MS | E17: IT-MS Imst | F17: Imst | G17: Schlatter Jörg | H17: j.schlatter@tsn.at | I17: Oppl Dorothea | J17: doris.oppl@tsn.at | K17: Franz-Xaver-Renn-Straße 18 | L17: 70203 | M17: 6460 | N17: Imst | O17: +43 5412 63376 | P17: +436645944198 | Q17: direktion@itms-imst.tsn.at | R17: https://www.ms-hopfgarten.tsn.at | T17: ="Tel."&" "&O17&" "&"Mail:"&" "&Q17 -> Tel. +43 5412 63376 Mail: direktion@itms-imst.tsn.at
A18: 700423 | B18: 701142 | C18: APS | D18: MS | E18: MMS Innsbruck | F18: Innsbruck Stadt | G18: Kuprian Ildiko | H18: i.kuprian@tsn.at | I18: Pakosta Christoph | J18: c.pakosta@tsn.at | K18: Kajetan-Sweth-Straße 14 | L18: 70101 | M18: 6020 | N18: Innsbruck | O18: +43 512 263379 | P18: 06505202311 | Q18: direktion@mms-innsbruck.tsn.at | R18: https://www.itms-imst.tsn.at | T18: ="Tel."&" "&O18&" "&"Mail:"&" "&Q18 -> Tel. +43 512 263379 Mail: direktion@mms-innsbruck.tsn.at
A19: 753021 | B19: 705122 | C19: APS | D19: MS | E19: MMS Wildschönau | F19: Kufstein | G19: Schneeberger Paul | H19: p.schneeberger@tsn.at | I19: Gassner Claudia | J19: c.gassner@tsn.at | K19: Kirchen, Oberau 335 | L19: 70530 | M19: 6311 | N19: Wildschönau | O19: +43 5339 8110552 | P19: +436604950885 | Q19: direktion@mms-wildschoenau.tsn.at | R19: http://www.vs-gschnitz.tsn.at | T19: ="Tel."&" "&O19&" "&"Mail:"&" "&Q19 -> Tel. +43 5339 8110552 Mail: direktion@mms-wildschoenau.tsn.at
A20: 751321 | B20: 705042 | C20: APS | D20: MS | E20: MS 1 Kufstein | F20: Kufstein | G20: Ritzer Rudolf | H20: r.ritzer@tsn.at | I20: Mraz Alexander | J20: a.mraz@tsn.at | K20: Fischergries 30 | L20: 70513 | M20: 6330 | N20: Kufstein | O20: +43 5372 602161 | P20: +436764140403 | Q20: direktion@ms1-kufstein.tsn.at | T20: ="Tel."&" "&O20&" "&"Mail:"&" "&Q20 -> Tel. +43 5372 602161 Mail: direktion@ms1-kufstein.tsn.at
A21: 782321 | B21: 709052 | C21: APS | D21: MS | E21: MS 1 Schwaz | F21: Schwaz | G21: Egger Barbara | H21: barb.egger@tsn.at | I21: Saurwein Eveline | J21: ev.saurwein@tsn.at | K21: Hubert-Danzl-Platz 1 | L21: 70926 | M21: 6130 | N21: Schwaz | O21: +43 5242 6325510 | P21: 0699 11128140 | Q21: direktion@ms1schwaz.tsn.at | T21: ="Tel."&" "&O21&" "&"Mail:"&" "&Q21 -> Tel. +43 5242 6325510 Mail: direktion@ms1schwaz.tsn.at
A22: 741621 | B22: 704072 | C22: APS | D22: MS | E22: MS 1 St. Johann | F22: Kitzbühel | G22: Kofler Martin | H22: martin.kofler@tsn.at | I22: Brandstätter Eveline | J22: e.brandstaetter@tsn.at | K22: Postfeld 17 | L22: 70416 | M22: 6380 | N22: St. Johann i.T. | O22: +43 5352 6900441 | P22: +43680 1526796 | Q22: direktion@ms1-stjohann.tsn.at | R22: http://www.vs-berwang.tsn.at | T22: ="Tel."&" "&O22&" "&"Mail:"&" "&Q22 -> Tel. +43 5352 6900441 Mail: direktion@ms1-stjohann.tsn.at
A23: 753121 | B23: 705062 | C23: APS | D23: MS | E23: MS 1 Wörgl | F23: Kufstein | G23: Schneider Gottfried | H23: g.schneider@tsn.at | I23: Hohlrieder Michael | J23: hohlrieder@tsn.at | K23: Dr. Franz Stumpf-Straße 4 | L23: 70531 | M23: 6300 | N23: Wörgl | O23: +43 50 6300 5400 | Q23: direktion@ms1-woergl.tsn.at | R23: http://www.vs-heinfels.tsn.at | T23: ="Tel."&" "&O23&" "&"Mail:"&" "&Q23 -> Tel. +43 50 6300 5400 Mail: direktion@ms1-woergl.tsn.at
A24: 782322 | B24: 709062 | C24: APS | D24: MS | E24: MS 2 Schwaz | F24: Schwaz | G24: Hintner Johannes | H24: h.hintner@tsn.at | I24: Müller Bianca | J24: bianca.mueller@tsn.at | K24: Hubert-Danzl-Platz 1 | L24: 70926 | M24: 6130 | N24: Schwaz | O24: +43 5242 7385520 | P24: +4367762033759 | Q24: direktion@ms2schwaz.tsn.at | R24: http://www.vs-scheffau.tsn.at/ | T24: ="Tel."&" "&O24&" "&"Mail:"&" "&Q24 -> Tel. +43 5242 7385520 Mail: direktion@ms2schwaz.tsn.at
A25: 741622 | B25: 704082 | C25: APS | D25: MS | E25: MS 2 St. Johann | F25: Kitzbühel | G25: Wechselberger Klaus | H25: kl.wechselberger@tsn.at | I25: Thum Franz | J25: f.thum@tsn.at | K25: Postfeld 17 | L25: 70416 | M25: 6380 | N25: St. Johann i.T. | O25: +43 5352 6900 451 | Q25: direktion@ms2-stjohann.tsn.at | T25: ="Tel."&" "&O25&" "&"Mail:"&" "&Q25 -> Tel. +43 5352 6900 451 Mail: direktion@ms2-stjohann.tsn.at
A26: 753122 | B26: 705072 | C26: APS | D26: MS | E26: MS 2 Wörgl | F26: Kufstein | G26: Haun Kathrin | H26: k.haun@tsn.at | I26: Mayr Gwen | J26: gw.mayr@tsn.at | K26: Dr. Franz Stumpf-Straße 2 | L26: 70531 | M26: 6300 | N26: Wörgl | O26: +43 50 6300 5500 | Q26: direktion@ms2-woergl.tsn.at | R26: http://www.vs-hatting.tsn.at/ | T26: ="Tel."&" "&O26&" "&"Mail:"&" "&Q26 -> Tel. +43 50 6300 5500 Mail: direktion@ms2-woergl.tsn.at
A27: 790121 | B27: 707012 | C27: APS | D27: MS | E27: MS Abfaltersbach | F27: Lienz | G27: Bürgler Martin | H27: mar.buergler@tsn.at | I27: Fuchs Alexandra | J27: alex2.fuchs@tsn.at | K27: Abfaltersbach 92 | L27: 70701 | M27: 9913 | N27: Abfaltersbach | O27: +43 4846 6248 | P27: 0664/4026999 | Q27: direktion@ms-abfaltersbach.tsn.at | R27: http://www.vs-johannes-messner.tsn.at | T27: ="Tel."&" "&O27&" "&"Mail:"&" "&Q27 -> Tel. +43 4846 6248 Mail: direktion@ms-abfaltersbach.tsn.at
A28: 720122 | B28: 703202 | C28: APS | D28: MS | E28: MS Absam | F28: Innsbruck Land - Ost | G28: Liebsch Manfred | H28: m.liebsch@tsn.at | I28: Schneider Brigitte | J28: b.schneider@tsn.at | K28: Bgm. Franz Herzleier-Weg 3 | L28: 70301 | M28: 6067 | N28: Absam | O28: +43 676 840532303 | Q28: direktion@ms-absam.tsn.at | R28: https://www.ms-laengenfeld.tsn.at | T28: ="Tel."&" "&O28&" "&"Mail:"&" "&Q28 -> Tel. +43 676 840532303 Mail: direktion@ms-absam.tsn.at
A29: 780621 | B29: 709152 | C29: APS | D29: MS | E29: MS Achensee | F29: Schwaz | G29: Prassnigger-Havaux Karin | H29: k.prassnigger@tsn.at | I29: Ofner-Mühlbacher Anita | J29: a.ofner@tsn.at | K29: Pertisauer Straße 2 | L29: 70907 | M29: 6212 | N29: Maurach | O29: +43 5243 565611 | P29: +436764428881 | Q29: direktion@ms-achensee.tsn.at | T29: ="Tel."&" "&O29&" "&"Mail:"&" "&Q29 -> Tel. +43 5243 565611 Mail: direktion@ms-achensee.tsn.at
A30: 750121 | B30: 705162 | C30: APS | D30: MS | E30: MS Alpbach | F30: Kufstein | G30: Bletzacher Josef | H30: j.bletzacher@tsn.at | I30: Gutternig Georg | J30: g.gutternig@tsn.at | K30: Alpbach 670 | L30: 70501 | M30: 6236 | N30: Alpbach | O30: +43 5336 5490 | P30: 06888669251 | Q30: direktion@ms-alpbach.tsn.at | T30: ="Tel."&" "&O30&" "&"Mail:"&" "&Q30 -> Tel. +43 5336 5490 Mail: direktion@ms-alpbach.tsn.at
A31: 710121 | B31: 703012 | C31: APS | D31: MS | E31: MS Axams | F31: Innsbruck Land - West | G31: Lassnig Johannes | H31: hp.lassnig@tsn.at | I31: Neuner Klaus | J31: klaus.neuner@tsn.at | K31: Lindenweg 6 | L31: 70304 | M31: 6094 | N31: Axams | O31: +43 5234 6599511 | Q31: direktion@ms-axams.tsn.at | R31: http://www.ms-schulzentrum-hall.tsn.at/ | T31: ="Tel."&" "&O31&" "&"Mail:"&" "&Q31 -> Tel. +43 5234 6599511 Mail: direktion@ms-axams.tsn.at
A32: 750521 | B32: 705152 | C32: APS | D32: MS | E32: MS Breitenbach | F32: Kufstein | G32: Krigovszky Andreas | H32: andreas.krigovszky@tsn.at | I32: Hirner Otto | J32: o.hirner@tsn.at | K32: Ausserdorf 16 | L32: 70505 | M32: 6252 | N32: Breitenbach a. I. | O32: +43 5338 7983 | P32: +436605263000 | Q32: direktion@ms-breitenbach.tsn.at | R32: http://www.vs-ebbs.tsn.at | T32: ="Tel."&" "&O32&" "&"Mail:"&" "&Q32 -> Tel. +43 5338 7983 Mail: direktion@ms-breitenbach.tsn.at
A33: 750621 | B33: 705012 | C33: APS | D33: MS | E33: MS Brixlegg | F33: Kufstein | G33: Wurm Rudolf | H33: r.wurm@tsn.at | I33: Hufler Michael | J33: m.hufler@tsn.at | K33: Römerstraße 18 | L33: 70506 | M33: 6230 | N33: Brixlegg | O33: +43 5337 6224010 | P33: 06641620462 | Q33: direktion@ms-brixlegg.tsn.at | R33: http://www.vs-debant.tsn.at | T33: ="Tel."&" "&O33&" "&"Mail:"&" "&Q33 -> Tel. +43 5337 6224010 Mail: direktion@ms-brixlegg.tsn.at
A34: 761321 | B34: 706052 | C34: APS | D34: MS | E34: MS Clemens Holzmeister | F34: Landeck | G34: Pauli Karl Helmut | H34: h.pauli@tsn.at | I34: Ladner Michael | J34: mich.ladner@tsn.at | K34: Schulhausplatz 5 | L34: 70614 | M34: 6500 | N34: Landeck | O34: +43 5442 62448 | P34: 00436506491168 | Q34: direktion@ms-landeck.tsn.at | T34: ="Tel."&" "&O34&" "&"Mail:"&" "&Q34 -> Tel. +43 5442 62448 Mail: direktion@ms-landeck.tsn.at
A35: 792321 | B35: 707092 | C35: APS | D35: MS | E35: MS Defereggental | F35: Lienz | G35: Tönig Markus | H35: m.toenig@tsn.at | I35: Jesacher Doris | J35: d.jesacher@tsn.at | K35: Unterrotte 99 | L35: 70724 | M35: 9963 | N35: St. Jakob i. D. | O35: +43 676 848463720 | P35: +43676848463720 | Q35: leitung@scl-defereggental.tsn.at | R35: http://www.vs-oberperfuss.tsn.at | T35: ="Tel."&" "&O35&" "&"Mail:"&" "&Q35 -> Tel. +43 676 848463720 Mail: leitung@scl-defereggental.tsn.at
A36: 721022 | B36: 703122 | C36: APS | D36: MS | E36: MS Dr. Posch | F36: Innsbruck Land - Ost | G36: Vettori Martin | H36: m.vettori@tsn.at | I36: Erhart David | J36: da.erhart@tsn.at | K36: Gerbergasse 2 | L36: 70354 | M36: 6060 | N36: Hall i. T. | O36: +43 5223 56242 | Q36: direktion@ms-drposch.tsn.at | R36: http://www.vs-voegelsberg.tsn.at/ | T36: ="Tel."&" "&O36&" "&"Mail:"&" "&Q36 -> Tel. +43 5223 56242 Mail: direktion@ms-drposch.tsn.at
A37: 750821 | B37: 705022 | C37: APS | D37: MS | E37: MS Ebbs | F37: Kufstein | G37: Leitner Andreas | H37: andi.leitner@tsn.at | I37: Angermaier Josef | J37: j.angermaier@tsn.at | K37: Wildbichler Straße 34 | L37: 70508 | M37: 6341 | N37: Ebbs | O37: +43 5373 42202200 | P37: +43 664 833 92 87 | Q37: leitung@scl-ebbs.tsn.at | R37: http://www.vs-dreiheiligen.tsn.at/ | T37: ="Tel."&" "&O37&" "&"Mail:"&" "&Q37 -> Tel. +43 5373 42202200 Mail: leitung@scl-ebbs.tsn.at
A38: 791622 | B38: 707022 | C38: APS | D38: MS | E38: MS Egger-Lienz | F38: Lienz | G38: Schwab Gabriele | H38: g.schwab@tsn.at | I38: Mair Simon | J38: sim.mair@tsn.at | K38: Muchargasse 8 | L38: 70716 | M38: 9900 | N38: Lienz | O38: +43 660 6510916 | Q38: direktion@ms-egger-lienz.tsn.at | T38: ="Tel."&" "&O38&" "&"Mail:"&" "&Q38 -> Tel. +43 660 6510916 Mail: direktion@ms-egger-lienz.tsn.at
A39: 770621 | B39: 708012 | C39: APS | D39: MS | E39: MS Ehrwald | F39: Reutte | G39: Schanner Evelyn | H39: e.schanner@tsn.at | I39: Wallisch Markus | J39: m.wallisch@tsn.at | K39: Schulweg 4 | L39: 70807 | M39: 6632 | N39: Ehrwald | O39: +43 5673 2382 | P39: +43 676 7980192 | Q39: direktion@ms-ehrwald.tsn.at | R39: http://www.vs-leutasch.tsn.at/ | T39: ="Tel."&" "&O39&" "&"Mail:"&" "&Q39 -> Tel. +43 5673 2382 Mail: direktion@ms-ehrwald.tsn.at
A40: 740321 | B40: 704012 | C40: APS | D40: MS | E40: MS Fieberbrunn | F40: Kitzbühel | G40: Strobl Reinhard | H40: strobl@tsn.at | I40: Lohninger-Habicher Sylvia | J40: s.habicher@tsn.at | K40: Schulweg 5 | L40: 70403 | M40: 6391 | N40: Fieberbrunn | O40: +43 5354 5682020 | P40: 00436508788125 | Q40: direktion@ms-fieberbrunn.tsn.at | R40: http://www.vs-aldrans.tsn.at | T40: ="Tel."&" "&O40&" "&"Mail:"&" "&Q40 -> Tel. +43 5354 5682020 Mail: direktion@ms-fieberbrunn.tsn.at
A41: 760321 | B41: 706092 | C41: APS | D41: MS | E41: MS Fliess | F41: Landeck | G41: Wackernell Herbert | H41: h.wackernell@tsn.at | I41: Kiechler Christian | J41: ch.kiechler@tsn.at | K41: Dorf 181 | L41: 70604 | M41: 6521 | N41: Fliess | O41: +43 5449 6325 | P41: +43 650 6521078 | Q41: direktion@ms-fliess.tsn.at | T41: ="Tel."&" "&O41&" "&"Mail:"&" "&Q41 -> Tel. +43 5449 6325 Mail: direktion@ms-fliess.tsn.at
A42: 780821 | B42: 709012 | C42: APS | D42: MS | E42: MS Fügen 1 | F42: Schwaz | G42: Mader Helmut | H42: h.mader@tsn.at | I42: Götz Sandra | J42: s.goetz@tsn.at | K42: Lindenweg 28 | L42: 70909 | M42: 6263 | N42: Fügen | O42: +43 5288 62408 | P42: +436764058592 | Q42: direktion@ms-fuegen1.tsn.at | R42: http://www.vs-leitgeb2.tsn.at/ | T42: ="Tel."&" "&O42&" "&"Mail:"&" "&Q42 -> Tel. +43 5288 62408 Mail: direktion@ms-fuegen1.tsn.at
A43: 780822 | B43: 709142 | C43: APS | D43: MS | E43: MS Fügen 2 | F43: Schwaz | G43: Schmid Daniel | H43: da.schmid@tsn.at | I43: Kasebacher Peter | J43: p.kasebacher@tsn.at | K43: Lindenweg 30 | L43: 70909 | M43: 6263 | N43: Fügen | O43: +43 5288 63968 | Q43: direktion@ms-fuegen2.tsn.at | T43: ="Tel."&" "&O43&" "&"Mail:"&" "&Q43 -> Tel. +43 5288 63968 Mail: direktion@ms-fuegen2.tsn.at
A44: 700323 | B44: 701092 | C44: APS | D44: MS | E44: MS Gabelsbergerstraße | F44: Innsbruck Stadt | G44: Eberwein Henriette | H44: h.eberwein@tsn.at | I44: Schranz Marion | J44: m.schranz@tsn.at | K44: Gabelsbergerstraße 1 | L44: 70101 | M44: 6020 | N44: Innsbruck | O44: +43 512 345121 | Q44: direktion@ms-gabelsberger.tsn.at | R44: https://www.ms-axams.tsn.at | T44: ="Tel."&" "&O44&" "&"Mail:"&" "&Q44 -> Tel. +43 512 345121 Mail: direktion@ms-gabelsberger.tsn.at
A45: 720821 | B45: 703232 | C45: APS | D45: MS | E45: MS Gries a. Br. | F45: Innsbruck Land - Ost | G45: Muigg-Spörr Michael | H45: msp@tsn.at | I45: Ortler Eva Maria | J45: eva.ortler@tsn.at | K45: Gries 75 | L45: 70313 | M45: 6156 | N45: Gries a.Br. | O45: +43 5274 87237 420 | Q45: direktion@ms-gries.tsn.at | R45: https://www.ms-zirl.tsn.at | T45: ="Tel."&" "&O45&" "&"Mail:"&" "&Q45 -> Tel. +43 5274 87237 420 Mail: direktion@ms-gries.tsn.at
A46: 730221 | B46: 702012 | C46: APS | D46: MS | E46: MS Haiming | F46: Imst | G46: Muigg-Spörr Martin | H46: mms@tsn.at | I46: Floriani Raphael | J46: r.floriani@tsn.at | K46: Tränkeweg 8 | L46: 70202 | M46: 6425 | N46: Haiming | O46: +43 5266 88600540 | P46: +43664/1480703 | Q46: direktion@ms-haiming.tsn.at | R46: https://www.ms-kettenbruecke.tsn.at | T46: ="Tel."&" "&O46&" "&"Mail:"&" "&Q46 -> Tel. +43 5266 88600540 Mail: direktion@ms-haiming.tsn.at
A47: 781521 | B47: 709132 | C47: APS | D47: MS | E47: MS Hippach | F47: Schwaz | G47: Kröll Herbert | H47: h.kroell@tsn.at | I47: Holzer Harald | J47: ha.holzer@tsn.at | K47: Lindenstraße 34 | L47: 70927 | M47: 6283 | N47: Hippach | O47: +43 5282 3950 | P47: 0664 / 404 62 17 | Q47: direktion@ms-hippach.tsn.at | T47: ="Tel."&" "&O47&" "&"Mail:"&" "&Q47 -> Tel. +43 5282 3950 Mail: direktion@ms-hippach.tsn.at
A48: 740621 | B48: 704022 | C48: APS | D48: MS | E48: MS Hopfgarten | F48: Kitzbühel | G48: Fischler Matthias | H48: ma.fischler@tsn.at | I48: Brunner Günter | J48: g.brunner@tsn.at | K48: Marktgasse 22 | L48: 70406 | M48: 6361 | N48: Hopfgarten i. Br. | O48: +43 5335 228110 | P48: +43 699 11350639 | Q48: direktion@ms-hopfgarten.tsn.at | R48: http://www.vs-achenkirch.tsn.at | T48: ="Tel."&" "&O48&" "&"Mail:"&" "&Q48 -> Tel. +43 5335 228110 Mail: direktion@ms-hopfgarten.tsn.at
A49: 700222 | B49: 701012 | C49: APS | D49: MS | E49: MS Hötting | F49: Innsbruck Stadt | G49: Perkounigg Holger | H49: h.perkounigg@tsn.at | I49: Flucher Markus | J49: m.flucher@tsn.at | K49: Fürstenweg 13 | L49: 70101 | M49: 6020 | N49: Innsbruck | O49: +43 512 282788 | Q49: direktion@ms-hoetting.tsn.at | R49: https://www.ms-fieberbrunn.tsn.at | T49: ="Tel."&" "&O49&" "&"Mail:"&" "&Q49 -> Tel. +43 512 282788 Mail: direktion@ms-hoetting.tsn.at
A50: 700223 | B50: 701172 | C50: APS | D50: MS | E50: MS Hötting-West | F50: Innsbruck Stadt | G50: Rainer Sabine | H50: s.rainer@tsn.at | K50: Viktor-Franz-Hess-Straße 9 | L50: 70101 | M50: 6020 | N50: Innsbruck | O50: +43 512 285765 | Q50: direktion@ms-hoettingwest.tsn.at | R50: https://www.ms1-stjohann.tsn.at | T50: ="Tel."&" "&O50&" "&"Mail:"&" "&Q50 -> Tel. +43 512 285765 Mail: direktion@ms-hoettingwest.tsn.at
A51: 700122 | B51: 701032 | C51: APS | D51: MS | E51: MS Ilse-Brüll-Gasse | F51: Innsbruck Stadt | G51: Zmugg Julia | H51: ju.zmugg@tsn.at | I51: Pendl Monika | J51: m.pendl@tsn.at | K51: Ilse-Brüll-Gasse 2 | M51: 6020 | N51: Innsbruck | O51: +43 512 584369 | Q51: direktion@ms-ibg.tsn.at | R51: http://www.vs2woergl.com | T51: ="Tel."&" "&O51&" "&"Mail:"&" "&Q51 -> Tel. +43 512 584369 Mail: direktion@ms-ibg.tsn.at
A52: 710821 | B52: 703212 | C52: APS | D52: MS | E52: MS Inzing | F52: Innsbruck Land - West | G52: Zoller Christian | H52: c.zoller@tsn.at | I52: Schmidt Barbara | J52: b.schmidt@tsn.at | K52: Mühlweg 12 | L52: 70319 | M52: 6401 | N52: Inzing | O52: +43 5238 88138 | P52: +436766877540 | Q52: direktion@ms-inzing.tsn.at | R52: https://www.msk-reutte.tsn.at | T52: ="Tel."&" "&O52&" "&"Mail:"&" "&Q52 -> Tel. +43 5238 88138 Mail: direktion@ms-inzing.tsn.at
A53: 781621 | B53: 709022 | C53: APS | D53: MS | E53: MS Jenbach 1 | F53: Schwaz | G53: Mascher Matthias | H53: mat.mascher@tsn.at | I53: Hinterlechner David | J53: da.hinterlechner@tsn.at | K53: Josef-Sattler-Straße 1 | L53: 70917 | M53: 6200 | N53: Jenbach | O53: +43 5244 62641-10 | P53: +43664808378020 | Q53: direktion@ms-jenbach1.tsn.at | T53: ="Tel."&" "&O53&" "&"Mail:"&" "&Q53 -> Tel. +43 5244 62641-10 Mail: direktion@ms-jenbach1.tsn.at
A54: 781622 | B54: 709032 | C54: APS | D54: MS | E54: MS Jenbach 2 | F54: Schwaz | G54: Ruech Markus | H54: m.ruech@tsn.at | I54: Dauber Mirjam | J54: m.dauber@tsn.at | K54: Josef-Sattler-Straße 1 | L54: 70917 | M54: 6200 | N54: Jenbach | O54: +43 5244 62641-20 | Q54: direktion@ms-jenbach2.tsn.at | T54: ="Tel."&" "&O54&" "&"Mail:"&" "&Q54 -> Tel. +43 5244 62641-20 Mail: direktion@ms-jenbach2.tsn.at
A55: 710921 | B55: 703032 | C55: APS | D55: MS | E55: MS Kematen | F55: Innsbruck Land - West | G55: Krickl Alexander | H55: alexander.krickl@tibs.at | I55: Schöpf Matthias | J55: matt.schoepf@tsn.at | K55: Burghofweg 2 | L55: 70320 | M55: 6175 | N55: Kematen i. T. | O55: +43 5232 2320 | P55: 06502000202 | Q55: direktion@ms-kematen.tsn.at | R55: https://www.ms-weer.tsn.at | T55: ="Tel."&" "&O55&" "&"Mail:"&" "&Q55 -> Tel. +43 5232 2320 Mail: direktion@ms-kematen.tsn.at
A56: 700124 | B56: 701122 | C56: APS | D56: MS | E56: MS Kettenbrücke | F56: Innsbruck Stadt | G56: Eiter Annemarie | H56: a.eiter@tsn.at | I56: Obojes Dietmar | J56: d.obojes@tsn.at | K56: Falkstraße 28 | L56: 70101 | M56: 6020 | N56: Innsbruck | O56: +43 512 586448 | P56: +436641681255 | Q56: direktion@ms-kettenbruecke.tsn.at | R56: https://www.ms-brixlegg.tsn.at | T56: ="Tel."&" "&O56&" "&"Mail:"&" "&Q56 -> Tel. +43 512 586448 Mail: direktion@ms-kettenbruecke.tsn.at
A57: 740921 | B57: 704032 | C57: APS | D57: MS | E57: MS Kirchberg | F57: Kitzbühel | G57: Oberlechner Michaela | H57: salami@tsn.at | I57: Schmidt Robert | J57: r.schmidt@tsn.at | K57: Möselgasse 15 | L57: 70409 | M57: 6365 | N57: Kirchberg i.T. | O57: +43 5357 2596 | P57: 0664/3307957 | Q57: direktion@ms-kirchberg.tsn.at | T57: ="Tel."&" "&O57&" "&"Mail:"&" "&Q57 -> Tel. +43 5357 2596 Mail: direktion@ms-kirchberg.tsn.at
A58: 751122 | B58: 705132 | C58: APS | D58: MS | E58: MS Kirchbichl | F58: Kufstein | G58: Moser Christoph | H58: ch.moser@tsn.at | I58: Schwarz-Knoflach Franz | J58: fr.knoflach@tsn.at | K58: Ulricusstraße 20 | L58: 70511 | M58: 6322 | N58: Kirchbichl | O58: +43 5332 87523 | P58: 06641971890 | Q58: direktion@ms-kirchbichl.tsn.at | T58: ="Tel."&" "&O58&" "&"Mail:"&" "&Q58 -> Tel. +43 5332 87523 Mail: direktion@ms-kirchbichl.tsn.at
A59: 751421 | B59: 705082 | C59: APS | D59: MS | E59: MS Kundl | F59: Kufstein | G59: Stix Christian | H59: c.stix@tsn.at | I59: Riccabona Veronika | J59: v.riccabona@tsn.at | K59: Dr. Franz-Stumpf-Straße 16 | L59: 70514 | M59: 6250 | N59: Kundl | O59: +43 5338 7205540 | Q59: direktion@ms-kundl.tsn.at | R59: http://www.vs-fuegen.tsn.at | T59: ="Tel."&" "&O59&" "&"Mail:"&" "&Q59 -> Tel. +43 5338 7205540 Mail: direktion@ms-kundl.tsn.at
A60: 730821 | B60: 702042 | C60: APS | D60: MS | E60: MS Längenfeld | F60: Imst | G60: Brugger Karoline | H60: kar.brugger@tsn.at | I60: Norkovic Alfred | J60: a.norkovic@tsn.at | K60: Oberlängenfeld 25 | L60: 70208 | M60: 6444 | N60: Längenfeld | O60: +43 5253 5327 | P60: +436649208823 | Q60: direktion@ms-laengenfeld.tsn.at | R60: https://www.ms-vils.tsn.at | T60: ="Tel."&" "&O60&" "&"Mail:"&" "&Q60 -> Tel. +43 5253 5327 Mail: direktion@ms-laengenfeld.tsn.at
A61: 751521 | B61: 705172 | C61: APS | D61: MS | E61: MS Langkampfen | F61: Kufstein | G61: Weinmayer Florian | H61: f.weinmayer@tsn.at | I61: Huber Claudia | J61: c.huber@tsn.at | K61: Untere Dorfstraße 20 | L61: 70515 | M61: 6336 | N61: Langkampfen | O61: +43 5332 87669300 | P61: 0699/16302218 | Q61: direktion@ms-langkampfen.tsn.at | R61: http://www.vs-strengen.tsn.at | T61: ="Tel."&" "&O61&" "&"Mail:"&" "&Q61 -> Tel. +43 5332 87669300 Mail: direktion@ms-langkampfen.tsn.at
A62: 700121 | B62: 701022 | C62: APS | D62: MS | E62: MS Leopoldstraße | F62: Innsbruck Stadt | G62: Wechselberger Simone | H62: s.wechselberger@tsn.at | I62: Nicolussi Castellan Magdalena | J62: m.nicolussicastel@tsn.at | K62: Leopoldstraße 15 | L62: 70101 | M62: 6020 | N62: Innsbruck | O62: +43 512 580128 | P62: +43664 5000 239 | Q62: direktion@ms-leopoldstrasse.tsn.at | T62: ="Tel."&" "&O62&" "&"Mail:"&" "&Q62 -> Tel. +43 512 580128 Mail: direktion@ms-leopoldstrasse.tsn.at
A63: 791621 | B63: 707072 | C63: APS | D63: MS | E63: MS Lienz-Nord | F63: Lienz | G63: Kofler-Neumayr Anita | H63: a.kofler-neumayr@tsn.at | I63: Mairamhof Robert | J63: r.mairamhof@tsn.at | K63: Emanuel von Hibler-Straße 10 | L63: 70716 | M63: 9900 | N63: Lienz | O63: +43 4852 62424 | P63: +43 660 383 67 87 | Q63: direktion@ms-lienz-nord.tsn.at | R63: http://www.vs-kufsteinsparchen.tsn.at/ | T63: ="Tel."&" "&O63&" "&"Mail:"&" "&Q63 -> Tel. +43 4852 62424 Mail: direktion@ms-lienz-nord.tsn.at
A64: 721421 | B64: 703102 | C64: APS | D64: MS | E64: MS Matrei a. Br. | F64: Innsbruck Land - Ost | G64: Jenewein Andrea | H64: andr.jenewein@tsn.at | I64: Wander Barbara | J64: b.wander@tsn.at | K64: Bergstein 29 | L64: 70341 | M64: 6143 | N64: Matrei am Brenner | O64: +43 660 6143236 | P64: +436646451348 | Q64: direktion@ms-matrei-brenner.tsn.at | R64: http://www.pts-fuegen.tsn.at/ | T64: ="Tel."&" "&O64&" "&"Mail:"&" "&Q64 -> Tel. +43 660 6143236 Mail: direktion@ms-matrei-brenner.tsn.at
A65: 791721 | B65: 707032 | C65: APS | D65: MS | E65: MS Matrei i. O. | F65: Lienz | G65: Weichsler Sigrid | H65: s.weichsler@tsn.at | I65: Mattersberger Carmen | J65: carmen.mattersberger@tsn.at | K65: Lienzer Straße 17 | L65: 70717 | M65: 9971 | N65: Matrei i. O. | O65: +43 4875 5133420 | P65: 0680 3145460 | Q65: direktion@ms-matrei-osttirol.tsn.at | R65: http://www.vs-lans.tsn.at | T65: ="Tel."&" "&O65&" "&"Mail:"&" "&Q65 -> Tel. +43 4875 5133420 Mail: direktion@ms-matrei-osttirol.tsn.at
A66: 781821 | B66: 709042 | C66: APS | D66: MS | E66: MS Mayrhofen | F66: Schwaz | G66: Bachlechner Michael | H66: m.bachlechner@tsn.at | I66: Kopp Christine | J66: c.kopp@tsn.at | K66: Pfarrer-Krapf-Straße 399 | L66: 70920 | M66: 6290 | N66: Mayrhofen | O66: +43 5285 6492711 | P66: 06504457370 | Q66: direktion@ms-mayrhofen.tsn.at | R66: http://www.vs-tobadill.tsn.at | T66: ="Tel."&" "&O66&" "&"Mail:"&" "&Q66 -> Tel. +43 5285 6492711 Mail: direktion@ms-mayrhofen.tsn.at
A67: 730921 | B67: 702052 | C67: APS | D67: MS | E67: MS Mieming | F67: Imst | G67: Reindl Maria | H67: maria.reindl@tsn.at | I67: Krabacher Clemens | J67: clemens.krabacher@tsn.at | K67: Obermieming 200 | L67: 70209 | M67: 6414 | N67: Mieming | O67: +43 5264 5351 | P67: +43 699 11500239 | Q67: direktion@ms-mieming.tsn.at | R67: https://www.ms-tannheimertal.tsn.at | T67: ="Tel."&" "&O67&" "&"Mail:"&" "&Q67 -> Tel. +43 5264 5351 Mail: direktion@ms-mieming.tsn.at
A68: 751821 | B68: 705092 | C68: APS | D68: MS | E68: MS Niederndorf | F68: Kufstein | G68: Fuchs-Roller Saskia | H68: s.fuchs-roller@tsn.at | I68: Esterl Peter | J68: pe74@tsn.at | K68: Bergstraße 5 | L68: 70518 | M68: 6342 | N68: Niederndorf | O68: +43 5373 61371 | P68: 06764101032 | Q68: direktion@ms-niederndorf.tsn.at | R68: http://www.vs-uderns.tsn.at | T68: ="Tel."&" "&O68&" "&"Mail:"&" "&Q68 -> Tel. +43 5373 61371 Mail: direktion@ms-niederndorf.tsn.at
A69: 791921 | B69: 707042 | C69: APS | D69: MS | E69: MS Nußdorf-Debant | F69: Lienz | G69: Pitterl Erich | H69: e.pitterl@tsn.at | I69: Rauchegger Stefan | J69: st.rauchegger@tsn.at | K69: Pestalozzistraße 4 | L69: 70719 | M69: 9990 | N69: Nußdorf-Debant | O69: +43 4852 64375 | P69: 00436507488375 | Q69: direktion@ms-nd.tsn.at | T69: ="Tel."&" "&O69&" "&"Mail:"&" "&Q69 -> Tel. +43 4852 64375 Mail: direktion@ms-nd.tsn.at
A70: 731421 | B70: 702062 | C70: APS | D70: MS | E70: MS Oetz | F70: Imst | G70: Leaney Maria | H70: ma.leaney@tsn.at | I70: Schwarz-Foutsitzidis Karolin | J70: kar.schwarz@tsn.at | K70: Schulweg 3 | L70: 70214 | M70: 6433 | N70: Oetz | O70: +43 664 88 65 75 59 | P70: +43 664 88 65 75 58 | Q70: direktion@ms-oetz.tsn.at | R70: https://www.ms-steinach.tsn.at | T70: ="Tel."&" "&O70&" "&"Mail:"&" "&Q70 -> Tel. +43 664 88 65 75 59 Mail: direktion@ms-oetz.tsn.at
A71: 700424 | B71: 701152 | C71: APS | D71: MS | E71: MS Olympisches Dorf | F71: Innsbruck Stadt | G71: Markart Hans-Peter | H71: hp.markart@tsn.at | I71: Huber Martin | J71: marti.huber@tsn.at | K71: Kajetan-Sweth-Straße 14 | L71: 70101 | M71: 6020 | N71: Innsbruck | O71: +43 512 261101 | P71: +436506220166 | Q71: direktion@ms-olympischesdorf.tsn.at | R71: https://www.mms-innsbruck.tsn.at | T71: ="Tel."&" "&O71&" "&"Mail:"&" "&Q71 -> Tel. +43 512 261101 Mail: direktion@ms-olympischesdorf.tsn.at
A72: 760821 | B72: 706012 | C72: APS | D72: MS | E72: MS Paznaun | F72: Landeck | G72: Juen Andreas | H72: andreas.juen@tsn.at | I72: Kathrein Lukas | J72: l.kathrein@tsn.at | K72: Lochau 645 | L72: 70609 | M72: 6555 | N72: Kappl | O72: +43 5445 6253 | P72: +436642807300 | Q72: direktion@ms-paznaun.tsn.at | T72: ="Tel."&" "&O72&" "&"Mail:"&" "&Q72 -> Tel. +43 5445 6253 Mail: direktion@ms-paznaun.tsn.at
A73: 700321 | B73: 701042 | C73: APS | D73: MS | E73: MS Pembaurstraße | F73: Innsbruck Stadt | G73: Unterholzner Eva | H73: e.unterholzner@tsn.at | I73: Kofler Michaela | J73: micha.kofler@tsn.at | K73: Pembaurstraße 18 | L73: 70101 | M73: 6020 | N73: Innsbruck | O73: +43 512 346233 | P73: 0676/5264699 | Q73: direktion@ms-pembaur.tsn.at | R73: http://www.bz-kals.tsn.at | T73: ="Tel."&" "&O73&" "&"Mail:"&" "&Q73 -> Tel. +43 512 346233 Mail: direktion@ms-pembaur.tsn.at
A74: 761621 | B74: 706042 | C74: APS | D74: MS | E74: MS Pfunds | F74: Landeck | G74: Westreicher Philipp | H74: p.westreicher@tsn.at | I74: Waldegger Marion | J74: marion.waldegger@tsn.at | K74: Stuben 264 | L74: 70617 | M74: 6542 | N74: Pfunds | O74: +43 5474 5284 | P74: 06602994745 | Q74: direktion@ms-pfunds.tsn.at | R74: http://www.vs-inzing.tsn.at/ | T74: ="Tel."&" "&O74&" "&"Mail:"&" "&Q74 -> Tel. +43 5474 5284 Mail: direktion@ms-pfunds.tsn.at
A75: 732421 | B75: 702102 | C75: APS | D75: MS | E75: MS Pitztal | F75: Imst | G75: Rundl Robert | H75: r.rundl@tsn.at | I75: Eiter Florian | J75: f.eiter@tsn.at | K75: Brennwald 82 | L75: 70224 | M75: 6473 | N75: Wenns | O75: +43 5414 87271 | P75: +4367763005315 | Q75: direktion@ms-pitztal.tsn.at | R75: http://www.vs-stmargarethen.tsn.at | T75: ="Tel."&" "&O75&" "&"Mail:"&" "&Q75 -> Tel. +43 5414 87271 Mail: direktion@ms-pitztal.tsn.at
A76: 700421 | B76: 701102 | C76: APS | D76: MS | E76: MS Reichenau | F76: Innsbruck Stadt | G76: Zanolin Jürgen Uwe | H76: u.zanolin@tsn.at | I76: Schreiber Viola | J76: v.schreiber@tsn.at | K76: Burghard-Breitner-Straße 22 | L76: 70101 | M76: 6020 | N76: Innsbruck | O76: +43 512 344475 | P76: +4369910800050 | Q76: direktion@ms-reichenau.tsn.at | R76: https://www.ms-ebbs.tsn.at | T76: ="Tel."&" "&O76&" "&"Mail:"&" "&Q76 -> Tel. +43 512 344475 Mail: direktion@ms-reichenau.tsn.at
A77: 752221 | B77: 705142 | C77: APS | D77: MS | E77: MS Reith | F77: Kufstein | G77: Wegscheider Ingrid | H77: i.wegscheider@tsn.at | I77: Müller Eva | J77: evi.mueller@tsn.at | K77: Sonnbichl 11 | L77: 70522 | M77: 6235 | N77: Reith i.A. | O77: +43 676 83459604 | Q77: direktion@ms-reith.tsn.at | R77: http://www.vs-ellmau.tsn.at | T77: ="Tel."&" "&O77&" "&"Mail:"&" "&Q77 -> Tel. +43 676 83459604 Mail: direktion@ms-reith.tsn.at
A78: 722021 | B78: 703242 | C78: APS | D78: MS | E78: MS Rum | F78: Innsbruck Land - Ost | G78: Stecher Christian | H78: ch.stecher@tsn.at | I78: Eheim Annette | J78: annette.eheim@tsn.at | K78: Aurain 2 | L78: 70346 | M78: 6063 | N78: Rum | O78: +43 512 24511450 | P78: +4366488378649 | Q78: direktion@ms-rum.tsn.at | R78: https://pts-laengenfeld.tsn.at/ | T78: ="Tel."&" "&O78&" "&"Mail:"&" "&Q78 -> Tel. +43 512 24511450 Mail: direktion@ms-rum.tsn.at
A79: 721025 | B79: 703252 | C79: APS | D79: MS | E79: MS Schulzentrum Hall | F79: Innsbruck Land - Ost | G79: Nimmerfall Günter | H79: g.nimmerfall@tsn.at | I79: Zirngast Katharina | J79: k.zirngast@tsn.at | K79: Universitätsallee 1 | L79: 70354 | M79: 6060 | N79: Hall in Tirol | O79: +43 5223 45024 | P79: +4367763000956 | Q79: direktion@ms-schulzentrum-hall.tsn.at | R79: http://www.vs-weissenbach.tsn.at/ | T79: ="Tel."&" "&O79&" "&"Mail:"&" "&Q79 -> Tel. +43 5223 45024 Mail: direktion@ms-schulzentrum-hall.tsn.at
A80: 712521 | B80: 703052 | C80: APS | D80: MS | E80: MS Seefeld | F80: Innsbruck Land - West | G80: Ennemoser Gerold | H80: g.ennemoser@tsn.at | I80: Klotz Siegfried | J80: si.klotz@tsn.at | K80: Römerweg 450 | L80: 70351 | M80: 6100 | N80: Seefeld i. T. | O80: +43 5212 2555 | P80: 0660 5474842 | Q80: direktion@ms-seefeld.tsn.at | R80: http://www.pts-kematen.tsn.at/ | T80: ="Tel."&" "&O80&" "&"Mail:"&" "&Q80 -> Tel. +43 5212 2555 Mail: direktion@ms-seefeld.tsn.at
A81: 760221 | B81: 706102 | C81: APS | D81: MS | E81: MS Serfaus-Fiss-Ladis | F81: Landeck | G81: Heiß Diana | H81: di.heiss@tsn.at | I81: Rietzler Elmar | J81: e.rietzler@tsn.at | K81: Fisser Straße 11 | L81: 70603 | M81: 6533 | N81: Fiss | O81: +43 5476 20163 | P81: 0664 2206173 | Q81: direktion@ms-fiss.tsn.at | R81: http://www.vsunterlangkampfen.at/ | T81: ="Tel."&" "&O81&" "&"Mail:"&" "&Q81 -> Tel. +43 5476 20163 Mail: direktion@ms-fiss.tsn.at
A82: 792721 | B82: 707052 | C82: APS | D82: MS | E82: MS Sillian | F82: Lienz | G82: Strasser Andreas | H82: a.strasser@tsn.at | I82: D'Orlando Claudia | J82: c.dorlando@tsn.at | K82: Sillian 185b | L82: 70728 | M82: 9920 | N82: Sillian | O82: +43 4842 649011 | P82: 0676 9751334 | Q82: direktion@ms-sillian.tsn.at | R82: http://www.vs-oetzerau.tsn.at | T82: ="Tel."&" "&O82&" "&"Mail:"&" "&Q82 -> Tel. +43 4842 649011 Mail: direktion@ms-sillian.tsn.at
A83: 731921 | B83: 702072 | C83: APS | D83: MS | E83: MS Silz-Mötz | F83: Imst | G83: Kuprian Stephan | H83: ste.kuprian@tsn.at | I83: Rangger Veronika | J83: ve.rangger@tsn.at | K83: Raimund-Wallnöfer-Weg 8 | L83: 70219 | M83: 6424 | N83: Silz | O83: +43 5263 6301 | P83: +43 676 417 83 06 | Q83: direktion@ms-silz-moetz.tsn.at | R83: https://www.ms-nd.tsn.at | T83: ="Tel."&" "&O83&" "&"Mail:"&" "&Q83 -> Tel. +43 5263 6301 Mail: direktion@ms-silz-moetz.tsn.at
A84: 732021 | B84: 702082 | C84: APS | D84: MS | E84: MS Sölden | F84: Imst | G84: Stecher Ursula | H84: u.stecher@tsn.at | I84: Gritsch Isabella | J84: i.gritsch@tsn.at | K84: Rettenbachstraße 6 | L84: 70220 | M84: 6450 | N84: Sölden | O84: +43 5254 2397 | P84: 00436506740614 | Q84: direktion@ms-soelden.tsn.at | R84: https://www.ms-paznaun.tsn.at | T84: ="Tel."&" "&O84&" "&"Mail:"&" "&Q84 -> Tel. +43 5254 2397 Mail: direktion@ms-soelden.tsn.at
A85: 752621 | B85: 705112 | C85: APS | D85: MS | E85: MS Söll Scheffau | F85: Kufstein | G85: Edinger Sabine | H85: s.edinger@tsn.at | I85: Gutternig Ulrike | J85: u.gutternig@tsn.at | K85: Dorf 33 | L85: 70526 | M85: 6306 | N85: Söll | O85: +43 5333 5329 | P85: 06641666999 | Q85: direktion@ms-soell.tsn.at | R85: http://www.vs-fiss.tsn.at | T85: ="Tel."&" "&O85&" "&"Mail:"&" "&Q85 -> Tel. +43 5333 5329 Mail: direktion@ms-soell.tsn.at
A86: 762021 | B86: 706032 | C86: APS | D86: MS | E86: MS St. Anton a. A. | F86: Landeck | G86: Neumann Eva-Maria | H86: eva.neumann@tsn.at | I86: Thönig Daniel | J86: d.thoenig@tsn.at | K86: Auweg 5 | L86: 70621 | M86: 6580 | N86: St. Anton a. A. | O86: +43 5446 2761 | P86: 0650 5803353 | Q86: direktion@ms-stanton.tsn.at | R86: http://www.vs-imst-unterstadt.tsn.at/ | T86: ="Tel."&" "&O86&" "&"Mail:"&" "&Q86 -> Tel. +43 5446 2761 Mail: direktion@ms-stanton.tsn.at
A87: 732121 | B87: 702092 | C87: APS | D87: MS | E87: MS Stams-Rietz | F87: Imst | G87: Walser Ingo | H87: ingo.walser@tsn.at | I87: Wesenjak Walter | J87: w.wesenjak@tsn.at | K87: Thomas-Riss-Weg 10 | L87: 70221 | M87: 6422 | N87: Stams | O87: +43 5263 6471 | P87: +4366473234534 | Q87: direktion@ms-stams-rietz.tsn.at | R87: https://www.ms-lienz-nord.tsn.at | T87: ="Tel."&" "&O87&" "&"Mail:"&" "&Q87 -> Tel. +43 5263 6471 Mail: direktion@ms-stams-rietz.tsn.at
A88: 722321 | B88: 703142 | C88: APS | D88: MS | E88: MS Steinach a. Br. | F88: Innsbruck Land - Ost | G88: Hölzl Markus | H88: m.hoelzl@tsn.at | I88: Saurwein Reinhard | J88: r.saurwein@tsn.at | K88: Trinserstraße 17 | L88: 70355 | M88: 6150 | N88: Steinach a.Br. | O88: +43 5272 6251 500 | P88: +4366488345822 | Q88: direktion@ms-steinach.tsn.at | R88: http://www.tfbs-escm.at/ | T88: ="Tel."&" "&O88&" "&"Mail:"&" "&Q88 -> Tel. +43 5272 6251 500 Mail: direktion@ms-steinach.tsn.at
A89: 782721 | B89: 709072 | C89: APS | D89: MS | E89: MS Stumm u. U. | F89: Schwaz | G89: Mösinger Kai | H89: k.moesinger@tsn.at | I89: Haspinger Hanspeter | J89: hp.haspinger@tsn.at | K89: Lenzengasse 1 | L89: 70931 | M89: 6275 | N89: Stumm | O89: +43 5283 2398 | Q89: direktion@ms-stumm.tsn.at | R89: http://www.vs-schoenwies.tsn.at | T89: ="Tel."&" "&O89&" "&"Mail:"&" "&Q89 -> Tel. +43 5283 2398 Mail: direktion@ms-stumm.tsn.at
A90: 773121 | B90: 708052 | C90: APS | D90: MS | E90: MS Tannheimer Tal | F90: Reutte | G90: Wechselberger Gabriele | H90: ga.wechselberger@tsn.at | I90: Novacek Jochen | J90: j.novacek@tsn.at | K90: Kirchacker 10 | L90: 70832 | M90: 6675 | N90: Tannheim | O90: +43 5675 6305 | P90: +436767135188 | Q90: direktion@ms-tannheimertal.tsn.at | R90: http://www.vs-oberlangkampfen.at/ | T90: ="Tel."&" "&O90&" "&"Mail:"&" "&Q90 -> Tel. +43 5675 6305 Mail: direktion@ms-tannheimertal.tsn.at
A91: 712822 | B91: 703072 | C91: APS | D91: MS | E91: MS Telfs Auer | F91: Innsbruck Land - West | G91: Schmid Andreas | H91: andi.schmid@tsn.at | I91: Meichtry Franz Josef | J91: dodi.meichtry@tsn.at | K91: Weißenbachgasse 30 | L91: 70357 | M91: 6410 | N91: Telfs | O91: +43 5262 62090 | P91: +436505544639 | Q91: direktion@ms-telfs-auer.tsn.at | R91: http://www.vs-kirchplatz-wattens.tsn.at/ | T91: ="Tel."&" "&O91&" "&"Mail:"&" "&Q91 -> Tel. +43 5262 62090 Mail: direktion@ms-telfs-auer.tsn.at
A92: 712821 | B92: 703062 | C92: APS | D92: MS | E92: MS Telfs Weissenbach | F92: Innsbruck Land - West | G92: Slibar Christoph | H92: c.slibar@tsn.at | I92: Messner David | J92: da.messner@tsn.at | K92: Weißenbachgasse 30 | L92: 70357 | M92: 6410 | N92: Telfs | O92: +43 5262 62062 | P92: +4369912630707 | Q92: direktion@ms-telfs-weissenbach.tsn.at | T92: ="Tel."&" "&O92&" "&"Mail:"&" "&Q92 -> Tel. +43 5262 62062 Mail: direktion@ms-telfs-weissenbach.tsn.at
A93: 783021 | B93: 709122 | C93: APS | D93: MS | E93: MS Tux | F93: Schwaz | G93: Rausch Andreas | H93: a.rausch@tsn.at | I93: Schnitzinger Carina | J93: ca.schnitzinger@tsn.at | K93: Lanersbach 354 | L93: 70934 | M93: 6293 | N93: Tux | O93: +43 5287 855528 | P93: 06502235640 | Q93: direktion@ms-tux.tsn.at | R93: http://www.vs-stanton.tsn.at | T93: ="Tel."&" "&O93&" "&"Mail:"&" "&Q93 -> Tel. +43 5287 855528 Mail: direktion@ms-tux.tsn.at
A94: 732321 | B94: 702112 | C94: APS | D94: MS | E94: MS Umhausen | F94: Imst | G94: Falkner Josef | H94: j.falkner@tsn.at | I94: Zankai Andreas | J94: a.zankai@tsn.at | K94: Schulplatz 1 | L94: 70223 | M94: 6441 | N94: Umhausen | O94: +43 5255 523060 | P94: +436606591656 | Q94: direktion@ms-umhausen.tsn.at | R94: http://www.vs-tumpen.tsn.at | T94: ="Tel."&" "&O94&" "&"Mail:"&" "&Q94 -> Tel. +43 5255 523060 Mail: direktion@ms-umhausen.tsn.at
A95: 773221 | B95: 708062 | C95: APS | D95: MS | E95: MS Vils | F95: Reutte | G95: Hassa Hannes | H95: h.hassa@tsn.at | I95: Thurner Renate | J95: re.thurner@tsn.at | K95: Josef-Ahorn-Weg 18 | L95: 70833 | M95: 6682 | N95: Vils | O95: +43 5677 8347 | P95: 05677 8347 | Q95: direktion@ms-vils.tsn.at | T95: ="Tel."&" "&O95&" "&"Mail:"&" "&Q95 -> Tel. +43 5677 8347 Mail: direktion@ms-vils.tsn.at
A96: 793221 | B96: 707062 | C96: APS | D96: MS | E96: MS Virgental | F96: Lienz | G96: Wörister Gerhard | H96: ge.woerister@tsn.at | I96: Berger Sabine | J96: sa.berger@tsn.at | K96: Niedermauern Straße 11 | M96: 9972 | N96: Virgen | O96: +43 4874 6301 | P96: 06509812537 | Q96: direktion@ms-virgental.tsn.at | R96: http://www.vs-woergl1.tsn.at | T96: ="Tel."&" "&O96&" "&"Mail:"&" "&Q96 -> Tel. +43 4874 6301 Mail: direktion@ms-virgental.tsn.at
A97: 722821 | B97: 703152 | C97: APS | D97: MS | E97: MS Volders | F97: Innsbruck Land - Ost | G97: Föger Markus | H97: markus.foeger@tsn.at | I97: Gosch Christiane | J97: ch.gosch@tsn.at | K97: Augasse 9 | L97: 70365 | M97: 6111 | N97: Volders | O97: +43 5224 52226 | P97: +43 677 63616397 | Q97: direktion@ms-volders.tsn.at | R97: http://www.glasfachschule.ac.at/ | T97: ="Tel."&" "&O97&" "&"Mail:"&" "&Q97 -> Tel. +43 5224 52226 Mail: direktion@ms-volders.tsn.at
A98: 712921 | B98: 703222 | C98: APS | D98: MS | E98: MS Völs | F98: Innsbruck Land - West | G98: Zoller Lovrana | H98: lo.zoller@tsn.at | I98: Schretter Elisabeth | J98: e.schretter@tsn.at | K98: Peter-Siegmair-Straße 13 | L98: 70364 | M98: 6176 | N98: Völs | O98: +43 512 303108 | P98: 0676/3810377 | Q98: direktion@ms-voels.tsn.at | T98: ="Tel."&" "&O98&" "&"Mail:"&" "&Q98 -> Tel. +43 512 303108 Mail: direktion@ms-voels.tsn.at
A99: 783221 | B99: 709082 | C99: APS | D99: MS | E99: MS Vomp-Stans | F99: Schwaz | G99: Saltuari Angela | H99: a.saltuari@tsn.at | I99: Walser Kurt | J99: ku.walser@tsn.at | K99: Fiecht 1 | L99: 70936 | M99: 6134 | N99: Vomp | O99: +43 5242 6274472 | P99: 06644246838 | Q99: direktion@ms-vomp-stans.tsn.at | R99: http://www.vs-sistrans.tsn.at | T99: ="Tel."&" "&O99&" "&"Mail:"&" "&Q99 -> Tel. +43 5242 6274472 Mail: direktion@ms-vomp-stans.tsn.at
A100: 761721 | B100: 706082 | C100: APS | D100: MS | E100: MS Vorderes Stanzertal | F100: Landeck | G100: Juen Thomas | H100: t.juen@tsn.at | I100: Zangerl Doris | J100: d.zangerl@tsn.at | K100: Pians 9 | L100: 70618 | M100: 6551 | N100: Pians | O100: +43 5442 63605 | P100: +436608138281 | Q100: direktion@ms-vorderes-stanzertal.tsn.at | R100: http://www.vs-iglsvill.tsn.at | T100: ="Tel."&" "&O100&" "&"Mail:"&" "&Q100 -> Tel. +43 5442 63605 Mail: direktion@ms-vorderes-stanzertal.tsn.at
...
